 Dungeon Crawl Stone Soup version 0.28-a0-706-gf6f64a616a (webtiles) character file.

Game seed: 16095220218119419443

436313 lawman0 the Devastator (level 22, -13/181 HPs)
             Began as a Pale Draconian Hedge Wizard on Oct 22, 2021.
             Was a High Priest of Sif Muna.
             Mangled by a juggernaut (25 damage)
             ... on level 1 of the Depths on Oct 24, 2021.
             The game lasted 05:02:58 (80859 turns).

lawman0 the Devastator (DrWz)                      Turns: 80859, Time: 05:02:58

Health: -13/181    AC: 20    Str: 12 (13) XL:     22   Next: 93%
Magic:  13/44      EV: 17    Int: 26      God:    Sif Muna [*****.]
Gold:   7009       SH:  7    Dex: 16      Spells: 5/57 levels left

rFire   + + +      SeeInvis .   b - staff of conjuration
rCold   + . .      Faith    .   j - +1 buckler {rC+}
rNeg    + . .      Spirit   .   (armour unavailable)
rPois   +          Reflect  .   v - +1 hat of the Midnight Sun {rElec rF+}
rElec   +          Harm     .   A - +2 cloak {Will+}
rCorr   .          Rampage  .   c - +2 pair of gloves of the Merchant {Int+3}
Will    +....                   U - +1 pair of boots "Loeh" {rF+ rC- Dex+4}
Stlth   +++.......              e - amulet of regeneration
HPRegen 1.40/turn               q - ring of wizardry
MPRegen 0.29/turn               f - ring of Qagiatiu {rElec rPois rC+ rN+ Will-}

@: no status effects
A: breathe steam, AC +11, unfitting armour, cold-blooded, steam resistance, fire
resistance 1, sense surroundings 1, evolution 1
}: 2/15 runes: decaying, serpentine
a: Breathe Steam, Renounce Religion, Channel Magic, Forget Spell, Divine
Exegesis


You were on level 1 of the Depths.
You worshipped Sif Muna.
Sif Muna was extremely pleased with you.
You visited 10 branches of the dungeon, and saw 43 of its levels.
You visited the Abyss 2 times.
You also visited: Gauntlet.

You collected 10211 gold pieces.
You spent 3202 gold pieces at shops.

Inventory:

Hand Weapons
 a - the +8 broad axe "Vekuwij" {speed, +Blink Stlth+}
   (You took it off a human on level 14 of the Dungeon)

   Attacks with this weapon are significantly faster.
   +Blink:    It lets you blink.
   Stlth:     It makes you more stealthy.
 N - the +5 short sword of the Endless March {protect, rElec rF+ Int+4 Dex+4}
   (You found it on level 11 of the Dungeon)

   It grants its wielder temporary protection when it strikes (+7 to AC).
   Int:       It affects your intelligence (+4).
   Dex:       It affects your dexterity (+4).
   rF:        It protects you from fire.
   rElec:     It insulates you from electricity.
Missiles
 o - 2 throwing nets
Armour
 c - the +2 pair of gloves of the Merchant (worn) {Int+3}
   (You found it in a Gauntlet)

   Int:       It affects your intelligence (+3).
 j - a +1 buckler of cold resistance (worn)
 v - the +1 hat of the Midnight Sun (worn) {rElec rF+}
   (You bought it in a shop on level 1 of the Snake Pit)

   rF:        It protects you from fire.
   rElec:     It insulates you from electricity.
 A - a +2 cloak of willpower (worn)
 U - the +1 pair of boots "Loeh" (worn) {rF+ rC- Dex+4}
   (You found it on level 2 of the Vaults)

   Dex:       It affects your dexterity (+4).
   rF:        It protects you from fire.
   rC:        It makes you vulnerable to cold.
Magical Staves
 b - a staff of conjuration (weapon)
Jewellery
 e - an amulet of regeneration (around neck)
 f - the ring of Qagiatiu (right hand) {rElec rPois rC+ rN+ Will-}
   (You bought it in a shop on level 2 of the Orcish Mines)

   [ring of poison resistance]

   rC:        It protects you from cold.
   rElec:     It insulates you from electricity.
   rPois:     It protects you from poison.
   rN:        It protects you from negative energy.
   Will:      It decreases your willpower.
 q - a ring of wizardry (left hand)
 I - a ring of protection from fire
 P - a ring of flight
Wands
 g - a wand of charming (17)
 l - a wand of mindburst (31)
 s - a wand of acid (8)
 B - a wand of paralysis (26)
 D - a wand of polymorph (44)
 J - a wand of iceblast (25)
 L - a wand of flame (69)
 Q - a wand of digging (5)
Scrolls
 d - a scroll of silence
 i - 3 scrolls of enchant armour
 p - a scroll of magic mapping
 x - 24 scrolls of identify
 y - a scroll of fear
 C - 7 scrolls of vulnerability
 V - 4 scrolls of torment
Potions
 h - a potion of invisibility
 m - 5 potions of heal wounds
 n - 8 potions of curing
 t - 5 potions of brilliance
 u - 5 potions of magic
 w - 2 potions of cancellation
 z - 5 potions of lignification
 F - 3 potions of flight
 G - 10 potions of might
 H - 2 potions of ambrosia
 M - 2 potions of resistance
Miscellaneous
 k - a phial of floods
 R - a phantom mirror
 S - a tin of tremorstones (1/2)
 T - a condenser vane
 W - a lightning rod (4/4)


   Skills:
 * Level 12.1 Fighting
 - Level 0.8 Long Blades
 + Level 12.2 Axes
 - Level 0.6 Staves
 * Level 10.1 Dodging
 + Level 5.8 Stealth
 + Level 7.8 Shields
 + Level 18.2 Spellcasting
 + Level 19.3 Conjurations
 + Level 4.4 Hexes
 * Level 10.5 Summonings
 * Level 9.4 Necromancy
 + Level 6.0 Translocations
 + Level 0.8 Transmutations
 + Level 10.4 Fire Magic
 + Level 7.5 Ice Magic
 + Level 10.0 Air Magic
 + Level 6.4 Poison Magic
 + Level 14.0 Invocations
 + Level 4.9 Evocations


You had 5 spell levels left.
You knew the following spells:

 Your Spells              Type           Power      Damage    Failure   Level
a - Magic Dart            Conj           100%       1d8       0%          1
b - Blink                 Tloc           100%       N/A       1%          2
c - Orb of Destruction    Conj           56%        9d16      1%          7
d - Starburst             Conj/Fire      50%        6d14      1%          6
e - Mephitic Cloud        Conj/Pois/Air  91%        N/A       1%          3
f - Apportation           Tloc           100%       N/A       1%          1
g - Haunt                 Necr/Summ      33%        N/A       12%         7
h - Iskenderun's Mystic   Conj/Tloc      94%        2d18      1%          4
i - Vampiric Draining     Necr           32%        2d10      1%          3
j - Spellforged Servitor  Conj/Summ      50%        N/A       1%          7
k - Freezing Cloud        Conj/Ice/Air   46%        6-21      1%          5
l - Swiftness             Air            66%        N/A       1%          3
m - Ozocubu's Armour      Ice            58%        N/A       1%          3

Your spell library contained the following spells:

 Spells                   Type           Power      Damage    Failure   Level
 Foxfire                  Conj/Fire      100%       2x1d9     0%          1
 Shock                    Conj/Air       100%       1d9       0%          1
 Searing Ray              Conj           100%       2d8       0%          2
 Static Discharge         Conj/Air       100%       N/A       0%          2
 Conjure Flame            Conj/Fire      100%       6-21      0%          3
 Iskenderun's Battlesphe  Conj           100%       2d15      0%          5
 Animate Skeleton         Necr           100%       N/A       1%          1
 Beastly Appendage        Tmut           54%        N/A       1%          1
 Freeze                   Ice            100%       1d11      1%          1
 Pain                     Necr           100%       1d9       1%          1
 Sting                    Tmut/Pois      100%       1d8       1%          1
 Summon Small Mammal      Summ           100%       N/A       1%          1
 Call Imp                 Summ           67%        N/A       1%          2
 Corpse Rot               Necr/Air       100%       N/A       1%          2
 Ensorcelled Hibernation  Hex/Ice        100%       N/A       1%          2
 Passwall                 Tmut/Erth      20%        N/A       1%          2
 Poisonous Vapours        Pois/Air       100%       N/A       1%          2
 Scorch                   Fire           100%       2d10      1%          2
 Slow                     Hex            46%        N/A       1%          2
 Sublimation of Blood     Necr           32%        N/A       1%          2
 Wereblood                Tmut           27%        N/A       1%          2
 Call Canine Familiar     Summ           67%        N/A       1%          3
 Confusing Touch          Hex            46%        N/A       1%          3
 Dazzling Flash           Conj/Hex       100%       N/A       1%          3
 Frozen Ramparts          Ice            100%       1d12      1%          3
 Gell's Gravitas          Tloc           26%        N/A       1%          3
 Ignite Poison            Fire/Tmut/Pois 53%        N/A       1%          3
 Inner Flame              Hex/Fire       58%        N/A       1%          3
 Lesser Beckoning         Tloc           53%        N/A       1%          3
 Portal Projectile        Hex/Tloc       100%       N/A       1%          3
 Spider Form              Tmut/Pois      21%        N/A       1%          3
 Stone Arrow              Conj/Erth      100%       3d13      1%          3
 Summon Guardian Golem    Hex/Summ       58%        N/A       1%          3
 Teleport Other           Tloc           53%        N/A       1%          3
 Tukima's Dance           Hex            46%        N/A       1%          3
 Airstrike                Air            33%        N/A       1%          4
 Dispel Undead            Necr           64%        3d22      1%          4
 Flame Wave               Conj/Fire      100%       3d16      1%          4
 Fulminant Prism          Conj/Hex       45%        3d21      1%          4
 Hailstorm                Conj/Ice       96%        3d19      1%          4
 Ice Form                 Ice/Tmut       45%        N/A       1%          4
 Passage of Golubria      Tloc           53%        N/A       1%          4
 Sticky Flame             Conj/Fire      100%       2d11      1%          4
 Summon Ice Beast         Ice/Summ       63%        N/A       1%          4
 Summon Lightning Spire   Summ/Air       67%        N/A       1%          4
 Agony                    Necr           64%        N/A       1%          5
 Excruciating Wounds      Necr           32%        N/A       1%          5
 Fireball                 Conj/Fire      50%        3d20      1%          5
 Irradiate                Conj/Tmut      42%        3d27      1%          5
 Lightning Bolt           Conj/Air       50%        1d71      1%          5
 Manifold Assault         Tloc           53%        N/A       1%          5
 Metabolic Englaciation   Hex/Ice        26%        N/A       1%          5
 Silence                  Hex/Air        28%        N/A       1%          5
 Summon Forest            Summ/Tloc      30%        N/A       1%          5
 Summon Mana Viper        Hex/Summ       58%        N/A       1%          5
 Leda's Liquefaction      Hex/Erth       17%        N/A       3%          4
 Borgnjor's Vile Clutch   Necr/Erth      24%        N/A       3%          5
 Alistair's Intoxication  Tmut/Pois      28%        N/A       4%          5
 Petrify                  Tmut/Erth      25%        N/A       7%          4
 Yara's Violent Unravell  Hex/Tmut       18%        3d9       8%          5
 Blade Hands              Tmut           13%        N/A       16%         5
 Conjure Ball Lightning   Conj/Air       50%        3x3d17    1%          6
 Summon Cactus Giant      Summ           33%        N/A       1%          6
 Death Channel            Necr           32%        N/A       2%          6
 Iron Shot                Conj/Erth      42%        9d8       2%          6
 Simulacrum               Ice/Necr       30%        N/A       4%          6
 Monstrous Menagerie      Summ           33%        N/A       9%          7
 Summon Hydra             Summ           33%        N/A       9%          7
 Dispersal                Tloc           26%        N/A       11%         6
 Invisibility             Hex            23%        N/A       21%         6
 Malign Gateway           Summ/Tloc      30%        N/A       22%         7
 Eringya's Noxious Bog    Tmut/Pois      21%        N/A       26%         6
 Ozocubu's Refrigeration  Ice            29%        4d10      28%         7
 Summon Horrible Things   Summ           33%        N/A       54%         8
 Storm Form               Tmut/Air       25%        N/A       56%         7
 Ignition                 Fire           33%        3d10      56%         8
 Maxwell's Capacitive Co  Air            33%        ∞         61%         8
 Lehudib's Crystal Spear  Conj/Erth      42%        10d10     65%         8
 Borgnjor's Revivificati  Necr           32%        N/A       69%         8
 Infestation              Necr           32%        N/A       69%         8
 Fire Storm               Conj/Fire      50%        8d13      85%         9
 Chain Lightning          Conj/Air       50%        3d66      86%         9
 Disjunction              Tloc           26%        N/A       98%         8
 Dragon Form              Tmut           13%        N/A       99%         7
 Necromutation            Tmut/Necr      25%        N/A       99%         8
 Discord                  Hex            23%        N/A       100%        8
 Death's Door             Necr           32%        N/A       100%        9
 Shatter                  Erth           11%        3d12*     100%        9
 Animate Armour           Summ/Erth      Unusable   N/A       N/A         4

Dungeon Overview and Level Annotations

Branches:
Dungeon (15/15)            Temple (1/1) D:6            Lair (6/6) D:11
  Swamp (4/4) Lair:4        Snake (4/4) Lair:2        Slime (0/5) Lair:6
    Orc (2/2) D:11            Elf (3/3) Orc:2        Vaults (4/5) D:14
  Crypt (3/3) Vaults:2       Tomb (0/3) Crypt:3      Depths (1/4) D:15
Gauntlet (visited)

Altars:
Ashenzari
Elyvilon
Gozag
Kikubaaqudgha
Makhleb
Nemelex Xobeh
Okawaru
Qazlal
Sif Muna
Trog
Uskayaw
Vehumet
Xom
The Shining One
Jiyva

Shops:
D:4 =   D:7 **?::   D:15 (   Orc:2 (=![*   Elf:2 (   Elf:3 :   Snake:1 *[(
Snake:2 (   Snake:3 =:=   Vaults:2 :   Vaults:4 [

Portals:
Abyss: Swamp:2
Pandemonium: Orc:2

Annotations:
Lair:5 Rupert
Swamp:2 2 transporters, flyleaff's ghost, journeyman MfVM
Vaults:4 2 runed translucent doors, jasper's ghost, veteran DsAr
Crypt:3 exclusion: door


Innate Abilities, Weirdness & Mutations

You can breathe blasts of scalding, opaque steam.
Your pale cyan-grey scales are hard. (AC +11)
You cannot fit into any form of body armour.
You are cold-blooded and may be slowed by cold attacks.
You are immune to the effects of steam.
Your flesh is heat resistant. (rF+)
You passively map a small area around you.
You have hidden genetic potential.


Message History

Your spellforged servitor launches a ball of destructive magic.
Casting: Blink (safe; 1% risk of failure)
Confirm with . or Enter, or press ? or * to list all spells.
You blink.
The great orb of eyes turns its gaze towards you.
Found a scroll of blinking.
The great orb of eyes gazes at you.
You easily resist.
The orb of destruction hits the iron troll!!!!
The iron troll is blown up!
Unknown command.
Found 21 gold pieces.
The deep troll shaman shouts!
Casting: Blink (safe; 1% risk of failure)
Confirm with . or Enter, or press ? or * to list all spells.
You blink.
The deep troll shaman calls upon its god to strengthen the deep troll.
The deep troll seems to grow stronger.
The juggernaut hits you!!! The juggernaut closely misses you.
Casting: Blink (safe; 1% risk of failure)
Confirm with . or Enter, or press ? or * to list all spells.
You blink.
The deep troll shaman calls upon its god to speed up the deep troll.
The deep troll seems to speed up.
Casting: Blink (safe; 1% risk of failure)
Confirm with . or Enter, or press ? or * to list all spells.
You blink.
The deep troll bites you!! The deep troll claws you. The deep troll misses you.
The red ugly thing trunk-slaps you but does no damage.
Casting: Blink (safe; 1% risk of failure)
Confirm with . or Enter, or press ? or * to list all spells.
You blink.
Unknown command.
The great orb of eyes gazes at you.
You easily resist.
There is an escape hatch in the floor, spattered with blood here.
The juggernaut hits you!!!
* * * LOW HITPOINT WARNING * * *
The juggernaut hits you!!
You die...

.$.$.$.$.......................##
#..................T............#
#..###..........."...............
#......*.........##C............
##.....9....#....#.u............
##..........###.T.TG............C
..####......###..............C...
### #....)..#...C..÷.(........[[
#..........@##.÷....#......(
#....##...(..##....###.......
#.#..###......#.....###......T
##...###.......[.....##....###
...##.....................TG##
#.## #....................u..# ##
##..........†............
###............#...#...#
#..##........##.###..#


You could see a juggernaut, a great orb of eyes, a red ugly thing, an ettin, a
deep troll (fast, strong) and a deep troll shaman.

Vanquished Creatures
  2 dread liches (Crypt:3)
  Mara (Swamp:2)
  2 royal mummies (Crypt:3)
  the Lernaean hydra (Swamp:4)
  A bone dragon (Crypt:3)
  A shard shrike zombie (Crypt:3)
  A Brimstone Fiend (Vaults:4)
  Jorgrun (D:14)
  2 deep elf master archers (Elf:3)
  6 liches
  2 deep elf blademasters (Elf:3)
  An ancient champion (Crypt:2)
  4 sphinxes
  A tentacled starspawn (Abyss:4)
  Gastronok (Lair:1)
  Kirke (Lair:6)
  A thorn hunter (Swamp:4)
  3 tengu reavers
  11 nagarajas (Snake:4)
  Donald (Swamp:1)
  A revenant (Crypt:3)
  A fire giant (Depths:1)
  A caustic shrike zombie (Crypt:3)
  A curse skull (Crypt:3)
  3 deep elf elementalists (Elf:3)
  12 vault wardens
  Aizul (Snake:2)
  3 deep elf sorcerers
  8 ghouls
  6 war gargoyles
  5 very ugly things
  10 ironbound preservers
  4 stone giants
  A caustic shrike skeleton (Crypt:2)
  7 deep elf demonologists (Elf:3)
  2 bunyips
  3 entropy weavers
  8 deep elf annihilators (Elf:3)
  A minotaur (Gauntlet)
  16 dire elephants
  5 eidola
  3 crystal guardians
  9 deep elf death magi
  2 eleionomae
  5 jiangshi
  8 yaktaur captains
  3 fire dragons
  3 ettins
  Josephine (Orc:1)
  2 deep elf high priests (Elf:3)
  6 great orbs of eyes
  7 ironbound thunderhulks
  An ice dragon (D:15)
  6 vault guards
  18 naga warriors
  7 ironbound frosthearts
  29 hydras
  A rakshasa (D:11)
  2 salamander tyrants (Snake:4)
  3 demonspawn (Orc:2)
  6 boulder beetles
  5 peacekeepers
  4 ogre magi
  13 anacondas
  5 death knights (Crypt:1)
  A satyr (Abyss:4)
  5 alligators
  2 catoblepae
  3 ghost crabs
  8 centaur warriors
  25 dancing weapons
  An anaconda (shapeshifter) (Elf:3)
  6 death yaks (Lair:6)
  2 tengu warriors
  14 two-headed ogres
  14 naga sharpshooters
  A shock serpent (shapeshifter) (Elf:1)
  3 vampire magi
  7 orc high priests
  2 spriggan berserkers
  7 hell knights (D:14)
  15 deep elf knights
  2 thrashing horrors (Abyss:4)
  A soul eater (Orc:2)
  8 shock serpents
  5 spriggans
  26 skeletal warriors
  A sun demon (Depths:1)
  A titan skeleton (Crypt:3)
  A fire crab (shapeshifter) (D:15)
  3 salamander mystics
  2 shadow wraiths (Crypt:2)
  A spark wasp zombie (Crypt:2)
  A sixfirhy (Abyss:2)
  4 flayed ghosts
  6 goliath frogs
  2 spriggan druids
  3 sea snakes (Snake:2)
  9 swamp dragons
  16 bog bodies
  28 deep trolls
  15 ironbound convokers
  13 wizards
  9 naga ritualists
  An anaconda skeleton (Crypt:3)
  10 deep elf archers
  3 harpies (Vaults:1)
  5 phantasmal warriors
  3 necromancers
  20 lindwurms
  19 deep elf zephyrmancers
  25 deep elf pyromancers
  6 mana vipers
  A salamander (shapeshifter) (D:14)
  6 orc knights
  A sphinx skeleton (Vaults:2)
  A stone giant zombie (Crypt:2)
  9 orc sorcerers
  31 ugly things
  An oklob plant (Snake:2)
  3 cyclopes
  A manticore (D:12)
  2 will-o-the-wisps
  8 salamanders
  A spriggan zombie (Crypt:3)
  10 vault sentinels
  38 black mambas
  8 fire giant skeletons (Crypt:3)
  Joseph (D:7)
  11 elephants
  A naga zombie (Crypt:3)
  A smoke demon (Depths:1)
  9 naga magi
  9 guardian serpents
  7 gargoyles
  A shock serpent skeleton (Crypt:2)
  A spriggan skeleton (Crypt:3)
  A centaur skeleton (Crypt:3)
  Maggie (D:8)
  An alligator snapping turtle zombie (Crypt:2)
  9 cane toads
  A torpor snail (Lair:6)
  2 naga skeletons (Crypt:3)
  A yaktaur zombie (Vaults:2)
  4 rime drakes
  4 freezing wraiths
  A yaktaur (shapeshifter) (Vaults:3)
  3 kobold demonologists
  3 tengu conjurers
  An ice devil (Orc:2)
  12 komodo dragons
  19 yaktaurs
  An emperor scorpion zombie (Crypt:2)
  A red draconian zombie (Crypt:1)
  2 polar bears
  A red devil (Orc:2)
  A guardian mummy (Crypt:1)
  A harpy zombie (Crypt:1)
  A bloated husk (Swamp:3)
  9 meliai
  6 hornets
  A polar bear (shapeshifter) (Vaults:2)
  3 trolls
  7 tyrant leeches
  An ettin zombie (Crypt:3)
  2 harpy skeletons (Crypt:3)
  A wolf spider simulacrum (D:15)
  35 slime creatures
  Grinder (D:4)
  2 raiju
  9 dream sheep (Lair:6)
  5 blink frogs (Lair:5)
  A human simulacrum (Vaults:2)
  Sigmund (D:2)
  8 fire dragon skeletons (Crypt:3)
  4 flying skulls (Crypt:1)
  5 air elementals
  An ettin skeleton (Vaults:2)
  4 redbacks (Vaults:2)
  3 shadows
  2 ushabtiu (Crypt:3)
  2 spriggans (shapeshifter)
  3 starcursed masses (Abyss:2)
  2 water elementals
  11 wraiths
  7 hogs (Lair:6)
  Eustachio (D:5)
  52 yaks
  Grum (D:9)
  3 wyverns
  A ynoxinul (Orc:2)
  A neqoxec (Abyss:2)
  3 humans (D:14)
  A golden eye (shapeshifter) (D:14)
  A hog (shapeshifter) (D:15)
  8 vampire mosquitoes
  3 steam dragons
  12 basilisks
  A chaos spawn (Abyss:4)
  17 swamp worms
  38 nagas
  6 wargs
  5 acid dragons
  A cane toad zombie (Crypt:1)
  18 water moccasins
  9 hell hounds
  A sky beast (D:6)
  9 swamp drakes
  34 orc warriors
  2 black bears
  A necrophage (D:4)
  A black bear (shapeshifter) (D:13)
  11 wolves
  16 ogres
  4 centaurs
  2 phantoms (D:11)
  22 kobold brigands
  15 bullfrogs
  A small abomination (Abyss:3)
  5 earth elementals
  A wyvern skeleton (D:7)
  4 human skeletons
  A scorpion (D:6)
  A shapeshifter zombie (Crypt:2)
  2 troll zombies (D:11)
  8 killer bees
  6 howler monkeys
  An electric eel (Lair:2)
  2 bullfrog zombies
  5 jellies
  2 hounds
  7 centaur zombies
  2 human zombies (Crypt:1)
  28 orc priests
  A gnoll shaman (D:7)
  3 bullfrog skeletons
  26 orc wizards
  4 iguanas
  A scorpion zombie (Crypt:1)
  7 hell rats (Lair:6)
  2 killer bee zombies
  6 ogre zombies (D:11)
  14 mummies
  10 gnolls
  4 adders (D:2)
  A howler monkey skeleton (D:7)
  5 shadow imps
  8 white imps
  2 ufetubi
  An adder skeleton (D:5)
  5 dart slugs
  53 orcs
  4 ball pythons
  A bat skeleton (Crypt:2)
  11 endoplasms
  3 giant cockroaches
  6 goblins
  9 hobgoblins
  3 jackals (D:4)
  19 kobolds
  A quokka (D:2)
  5 bats
  5 frilled lizards
  3 goblin skeletons (D:11)
  5 goblin zombies (D:11)
  4 hobgoblin zombies (D:11)
  4 orc skeletons
  9 orc zombies (D:11)
  7 rats
  A rat zombie (Crypt:1)
  A river rat skeleton (Crypt:1)
  A plant (Lair:4)
1657 creatures vanquished.

Vanquished Creatures (collateral kills)
  Khufu (Crypt:3)
  Mennas (Crypt:1)
  Sojobo (Vaults:4)
  Saint Roka (Vaults:4)
  Nikola (Swamp:3)
  Mlioglotl (Swamp:3)
  A tengu reaver (Vaults:4)
  A balrug (Depths:1)
  An ironbound preserver (Vaults:4)
  2 very ugly things
  A vampire knight (Crypt:1)
  2 bunyips (Swamp:3)
  A deep elf death mage (Elf:1)
  An eleionoma (Swamp:3)
  A great orb of eyes (Vaults:4)
  A shambling mangrove (Swamp:3)
  A yaktaur captain (Vaults:4)
  A peacekeeper (Vaults:4)
  An anaconda (Snake:3)
  2 ironbound frosthearts (Vaults:4)
  2 hydras (Swamp:4)
  4 dancing weapons
  A deep troll shaman (Depths:1)
  A deep elf knight (Elf:2)
  A spriggan (Swamp:4)
  A bog body (Swamp:4)
  A deep troll (Vaults:4)
  2 large abominations (Elf:1)
  3 wizards (Vaults:4)
  3 deep elf pyromancers
  2 necromancers (Elf:1)
  A deep elf zephyrmancer (Elf:2)
  A will-o-the-wisp (Swamp:3)
  An ugly thing (Depths:1)
  2 vault sentinels (Vaults:4)
  2 yaktaurs (Vaults:4)
  A bloated husk (Swamp:3)
  2 hornets
  An air elemental (Elf:2)
  3 swamp worms (Swamp:3)
  A swamp drake (Swamp:4)
  An ogre (D:6)
  2 orc warriors (Vaults:4)
  3 elf zombies (Elf:1)
  A warg skeleton (Crypt:1)
  A bullfrog skeleton (D:6)
  2 orc wizards (D:6)
  2 gnolls (D:2)
  An adder (D:6)
  An orc (Vaults:4)
73 creatures vanquished.

Vanquished Creatures (others)
  A yaktaur captain (Vaults:4)
  A vault guard (D:14)
  An iron troll (Depths:1)
  A deep troll (Vaults:3)
  A black mamba (Snake:4)
  A tyrant leech (Swamp:1)
  5 humans (D:14)
  An orc warrior (Orc:1)
  An orc wizard (D:6)
  2 bushes
  10 foxfires
  44 fulminant prisms
  86 fungi
  113 plants
  2 starspawn tentacles (Abyss:4)
  73 withered plants
343 creatures vanquished.

Grand Total: 2073 creatures vanquished

Notes
Turn   | Place    | Note
-------+----------+-------------------------------------------
     0 | D:1      | lawman0 the Draconian Hedge Wizard began the quest for the
                  | Orb.
     0 | D:1      | Reached XP level 1. HP: 14/14 MP: 4/4
   263 | D:1      | Reached XP level 2. HP: 15/20 MP: 0/6
  1761 | D:2      | Reached XP level 3. HP: 26/26 MP: 6/8
  1859 | D:2      | Learned a level 2 spell: Blink
  1862 | D:2      | Learned a level 2 spell: Call Imp
  1865 | D:2      | Learned a level 2 spell: Slow
  2330 | D:1      | Reached XP level 4. HP: 24/34 MP: 8/10
  2385 | D:2      | Noticed Sigmund
  2404 | D:2      | Learned a level 3 spell: Mephitic Cloud
  2446 | D:2      | Reached skill level 2 in Conjurations
  2577 | D:3      | Learned a level 1 spell: Apportation
  2587 | D:3      | Noticed a +0 short sword
  2587 | D:3      | Noticed a +0 falchion
  2587 | D:3      | Noticed a +0 dagger
  2589 | D:3      | Found a transporter.
  2599 | D:3      | Noticed a +0 spear
  2602 | D:3      | Noticed a +0 falchion
  2602 | D:3      | Noticed a +0 dagger
  2603 | D:3      | Noticed a +0 short sword
  2603 | D:3      | Noticed a +0 spear
  2611 | D:3      | Found a hide-covered altar of Uskayaw.
  3335 | D:3      | Found a transporter.
  3349 | D:4      | Noticed Grinder
  3781 | D:4      | You fall into a shaft and drop 3 floors!
  3782 | D:7      | Noticed a bullfrog
  3791 | D:7      | Killed a bullfrog
  3792 | D:7      | Reached skill level 1 in Air Magic
  3792 | D:7      | Reached skill level 1 in Poison Magic
  3792 | D:7      | Reached XP level 5. HP: 32/39 MP: 8/11
  3813 | D:6      | Found a staircase to the Ecumenical Temple.
  3833 | D:6      | Reached skill level 1 in Fighting
  3840 | Temple   | Entered the Ecumenical Temple
  3846 | Temple   | Became a worshipper of Sif Muna the Loreminder
  3903 | D:6      | Reached XP level 6. HP: 46/47 MP: 5/12
  4224 | D:6      | Found a white marble altar of Elyvilon.
  4263 | D:6      | Your scales start taking on a pale cyan-grey colour.
  4263 | D:6      | Reached XP level 7. HP: 52/52 MP: 14/14
  4263 | D:6      | Gained mutation: You are immune to the effects of steam.
                  | [Pale Draconian growth]
  4263 | D:6      | hell yeah
  4263 | D:6      | >:)
  4267 | D:6      | Learned a level 2 spell: Poisonous Vapours
  4331 | D:6      | Found a broken altar of Ashenzari.
  4371 | D:6      | Reached skill level 5 in Spellcasting
  4538 | D:6      | Found a shimmering altar of Xom.
  4716 | D:6      | Reached skill level 3 in Conjurations
  4931 | D:5      | Entered Level 5 of the Dungeon
  4938 | D:5      | Learned a level 1 spell: Animate Skeleton
  5024 | D:5      | Reached * piety under Sif Muna
  5196 | D:5      | Reached XP level 8. HP: 56/62 MP: 10/16
  5378 | D:5      | Noticed Eustachio
  5398 | D:5      | Killed Eustachio
  5617 | D:4      | Found Fata's Jewellery Emporium.
  5809 | D:4      | Killed Grinder
  6093 | D:2      | Killed Sigmund
  6268 | D:3      | Reached XP level 9. HP: 67/70 MP: 8/18
  6457 | D:7      | Noticed Joseph
  6516 | D:7      | Found Xozxeap's Book Emporium.
  6535 | D:7      | Reached skill level 5 in Air Magic
  6624 | D:7      | Found an opulent altar of Gozag.
  6637 | D:7      | Found a bloodstained altar of Trog.
  6760 | D:7      | Reached skill level 4 in Conjurations
  6900 | D:7      | Killed Joseph
  6901 | D:7      | Reached skill level 1 in Shields
  7286 | D:7      | Found Liqulocw's Assorted Antiques.
  7288 | D:7      | Found Idaosuol's Magic Scroll Emporium.
  7298 | D:7      | Found Neulel's Book Emporium.
  7314 | D:7      | Reached ** piety under Sif Muna
  7317 | D:7      | Bought a golden potion for 24 gold pieces
  7318 | D:7      | Found Nerucof's General Store.
  7334 | D:7      | Bought a scroll of identify for 24 gold pieces
  7334 | D:7      | Bought a scroll of identify for 24 gold pieces
  7334 | D:7      | Bought a scroll of noise for 12 gold pieces
  7341 | D:7      | Bought a silver ring for 135 gold pieces
  7341 | D:7      | sick
  7348 | D:7      | Bought a potion of might for 48 gold pieces
  7348 | D:7      | Bought a potion of lignification for 36 gold pieces
  7857 | D:8      | Reached skill level 1 in Necromancy
  8156 | D:8      | Noticed a four-headed hydra
  8198 | D:8      | Noticed Maggie
  8200 | D:8      | Upgraded the game from 0.28-a0-691-gad6df49e81 to
                  | 0.28-a0-697-g47f3eba078
  8235 | D:8      | Killed a four-headed hydra
  8236 | D:8      | Reached skill level 5 in Poison Magic
  8236 | D:8      | Reached XP level 10. HP: 80/80 MP: 19/21
  8519 | D:8      | Killed Maggie
  9038 | D:8      | Learned a level 3 spell: Vampiric Draining
  9054 | D:9      | Reached skill level 1 in Evocations
  9142 | D:9      | Noticed Grum
  9201 | D:9      | Killed Grum
  9202 | D:9      | Reached skill level 5 in Conjurations
  9365 | D:9      | Learned a level 4 spell: Sticky Flame
  9450 | D:9      | Reached skill level 5 in Fighting
  9818 | D:9      | sick
 10106 | D:10     | Entered Level 10 of the Dungeon
 10173 | D:10     | Noticed a boulder beetle
 10189 | D:10     | Killed a boulder beetle
 10190 | D:10     | Reached skill level 1 in Fire Magic
 10434 | D:10     | Reached *** piety under Sif Muna
 10911 | D:11     | Reached skill level 5 in Dodging
 10993 | D:11     | Noticed a two-headed ogre
 11007 | D:11     | Killed a two-headed ogre
 11008 | D:11     | Reached XP level 11. HP: 88/88 MP: 15/23
 11035 | D:11     | Noticed a boulder beetle
 11052 | D:11     | Killed a boulder beetle
 11210 | D:11     | Reached skill level 1 in Hexes
 11281 | D:11     | sick
 11576 | D:11     | Reached **** piety under Sif Muna
 11897 | D:11     | Found a staircase to the Lair.
 11931 | D:11     | Noticed a seven-headed hydra
 11945 | D:11     | Killed a seven-headed hydra
 12129 | D:11     | Reached skill level 6 in Conjurations
 12320 | D:11     | Found a staircase to the Orcish Mines.
 12529 | D:11     | Noticed a rakshasa
 12548 | D:11     | Killed a rakshasa
 12559 | D:11     | Identified the +5 short sword of the Endless March
                  | {protect, rElec rF+ Int+4 Dex+4}
 12882 | D:11     | Learned a level 4 spell: Fulminant Prism
 12916 | Lair:1   | Entered Level 1 of the Lair of Beasts
 12916 | Lair:1   | Noticed Gastronok
 12917 | Lair:1   | fuck
 12930 | Lair:1   | Killed Gastronok
 12931 | Lair:1   | Reached skill level 5 in Stealth
 12931 | Lair:1   | Reached skill level 5 in Necromancy
 13057 | Lair:1   | Noticed a five-headed hydra
 13070 | Lair:1   | Killed a five-headed hydra
 13078 | Lair:1   | Reached XP level 12. HP: 97/97 MP: 17/25
 13139 | Lair:1   | Noticed a four-headed hydra
 13153 | Lair:1   | Killed a four-headed hydra
 13397 | Lair:1   | Noticed a seven-headed hydra
 13413 | Lair:1   | Killed a seven-headed hydra
 13608 | Lair:1   | Reached skill level 7 in Conjurations
 13710 | Lair:1   | Reached skill level 5 in Fire Magic
 14010 | Lair:2   | Noticed a four-headed hydra
 14522 | Lair:2   | Killed a four-headed hydra
 14547 | Lair:2   | Noticed a boulder beetle
 14563 | Lair:2   | Killed a boulder beetle
 14768 | Lair:2   | Found a staircase to the Snake Pit.
 14975 | Lair:2   | Noticed a catoblepas
 15200 | Lair:2   | Reached skill level 10 in Spellcasting
 15698 | Lair:2   | Killed a catoblepas
 16171 | Lair:3   | Reached XP level 13. HP: 107/107 MP: 25/27
 16618 | Lair:3   | Reached ***** piety under Sif Muna
 17022 | Lair:3   | Received a gift from Sif Muna
 17023 | Lair:3   | Got Sif Muna's Compendium of Shifting Attacks {god gift}
 17043 | Lair:3   | Learned a level 5 spell: Fireball
 17048 | Lair:3   | Learned a level 3 spell: Dazzling Flash
 17136 | Lair:3   | Identified the +0 leather armour of the Other World {Harm
                  | rPois rF+ rC+}
 17759 | Lair:4   | Reached skill level 8 in Conjurations
 18261 | Lair:4   | Found a staircase to the Swamp.
 18968 | Swamp:1  | Entered Level 1 of the Swamp
 19031 | Lair:5   | Noticed Rupert
 20224 | Lair:6   | Entered Level 6 of the Lair of Beasts
 20253 | Lair:6   | Found a viscous altar of Jiyva.
 20254 | Lair:6   | Found a staircase to the Slime Pits.
 20423 | Lair:6   | Reached skill level 5 in Shields
 20990 | Lair:6   | Received a gift from Sif Muna
 20993 | Lair:6   | Got Sif Muna's Guide on Gliding Envenoming {god gift}
 20998 | Lair:6   | Learned a level 3 spell: Swiftness
 21005 | Lair:6   | Learned a level 5 spell: Freezing Cloud
 21254 | Lair:6   | Reached skill level 1 in Ice Magic
 21254 | Lair:6   | Reached XP level 14. HP: 102/118 MP: 14/29
 22637 | Lair:6   | Noticed Kirke
 22678 | Lair:6   | Killed Kirke
 23158 | D:12     | Found the +2 Maxwell's thermic engine {flame, freeze}
 23161 | D:12     | oh
 23177 | D:12     | Reached skill level 9 in Conjurations
 23843 | D:12     | Found a shimmering altar of Xom.
 25880 | D:14     | Reached skill level 10 in Fighting
 25884 | D:14     | Noticed Jorgrun
 25887 | D:14     | Received a gift from Sif Muna
 25967 | D:14     | Reached skill level 5 in Ice Magic
 26002 | D:14     | Killed Jorgrun
 26017 | D:14     | Found a gate to the Vaults.
 26291 | D:14     | Got Sif Muna's Tome of Lethal Black Secrets {god gift}
 26815 | D:14     | Reached skill level 1 in Invocations
 26815 | D:14     | Reached XP level 15. HP: 97/126 MP: 20/31
 27280 | D:14     | Found an iron altar of Okawaru.
 27586 | D:14     | Identified the +8 broad axe "Vekuwij" {speed, +Blink
                  | Stlth+}
 27597 | D:14     | holy fucking shit
 27598 | D:14     | AAAAAAAAA
 27599 | D:14     | oh my god
 27600 | D:14     | AXE
 27600 | D:14     | BLOOD
 27761 | D:14     | aw
 27774 | D:14     | Reached skill level 1 in Axes
 28132 | D:15     | Entered Level 15 of the Dungeon
 28177 | D:15     | Found Dilaem's Weapon Emporium.
 28185 | D:15     | lmfao
 28228 | D:15     | Found a gate leading to a gauntlet.
 28237 | Gauntlet | Entered a Gauntlet
 28237 | Gauntlet | Found a transporter.
 28237 | Gauntlet | Found a transporter.
 28238 | Gauntlet | Found a transporter.
 28241 | Gauntlet | Found a transporter.
 28241 | Gauntlet | Found a transporter.
 28241 | Gauntlet | Found a transporter.
 28252 | Gauntlet | Found a transporter.
 28255 | Gauntlet | Found a transporter.
 28255 | Gauntlet | Found a transporter.
 28256 | Gauntlet | Found a transporter.
 28265 | Gauntlet | Found a transporter.
 28269 | Gauntlet | Found a transporter.
 28557 | Gauntlet | Identified the +2 pair of gloves of the Merchant {Int+3}
 28652 | Gauntlet | Identified a scroll of acquirement
 28780 | Gauntlet | Identified the +6 flail "Xenol" {antimagic, rElec rF+
                  | Dex-5}
 28854 | Gauntlet | Got the Guide on Ashen Envenoming
 29054 | Gauntlet | Acquired 1094 gold pieces
 29084 | D:15     | Reached skill level 10 in Conjurations
 29240 | D:15     | Paralysed by an ogre mage for 3 turns
 29773 | D:13     | axe
 30105 | D:15     | Found a staircase to the Depths.
 30569 | Orc:1    | Entered Level 1 of the Orcish Mines
 30821 | Orc:1    | Paralysed by an orc sorcerer for 3 turns
 30929 | Orc:1    | Received a gift from Sif Muna
 30930 | Orc:1    | Got Sif Muna's Almanac of the Harmful Frostbite {god gift}
 30935 | Orc:1    | Learned a level 3 spell: Ozocubu's Armour
 31071 | Orc:2    | Entered Level 2 of the Orcish Mines
 31071 | Orc:2    | Found Nixzo's General Store.
 31610 | Orc:2    | Found a staircase to the Elven Halls.
 31833 | Orc:2    | Found Gimul's Distillery.
 32158 | Orc:2    | Reached skill level 11 in Conjurations
 32269 | Orc:2    | Reached XP level 16. HP: 45/136 MP: 8/33
 32287 | Orc:2    | Bought a potion of curing for 54 gold pieces
 32287 | Orc:2    | Bought a potion of curing for 54 gold pieces
 32287 | Orc:2    | Bought a potion of brilliance for 72 gold pieces
 32287 | Orc:2    | Bought a potion of haste for 180 gold pieces
 32287 | Orc:2    | Bought a potion of curing for 54 gold pieces
 32287 | Orc:2    | Bought a potion of curing for 54 gold pieces
 32613 | Orc:2    | Found Sofrid's Antique Weapon Boutique.
 32767 | Orc:2    | Received a gift from Sif Muna
 32768 | Orc:2    | Got Sif Muna's Almanac of Ignition and the Escort {god
                  | gift}
 33171 | Orc:2    | Reached skill level 5 in Invocations
 33269 | Orc:2    | Found Vukhlof's Jewellery Boutique.
 33269 | Orc:2    | Found Cuodeano's Antique Armour Shop.
 33269 | Orc:2    | Found a one-way gate leading to the halls of Pandemonium.
 33280 | Orc:2    | Bought the ring of Qagiatiu {rElec rPois rC+ rN+ Will-} for
                  | 451 gold pieces
 33386 | Orc:2    | Bought a scroll of identify for 34 gold pieces
 33386 | Orc:2    | Bought a scroll of teleportation for 51 gold pieces
 33386 | Orc:2    | Bought a scroll of blinking for 127 gold pieces
 33386 | Orc:2    | Bought a potion of cancellation for 136 gold pieces
 33386 | Orc:2    | Bought a wand of flame (10) for 102 gold pieces
 33388 | Orc:2    | Bought a potion of mutation for 144 gold pieces
 33444 | Orc:1    | Noticed Josephine
 33541 | Orc:1    | Killed Josephine
 34024 | Elf:1    | Entered Level 1 of the Elven Halls
 34438 | Elf:1    | Learned a level 7 spell: Orb of Destruction
 35116 | Elf:2    | Identified the +3 scale mail of Devotion {rF+ Int-4 Dex+3}
 35129 | Elf:2    | Found Hoemn's Antique Weapon Shoppe.
 35140 | Elf:2    | Acquired 1106 gold pieces
 35207 | Elf:2    | Reached skill level 12 in Conjurations
 35408 | Snake:1  | Entered Level 1 of the Snake Pit
 35436 | Snake:1  | Reached skill level 5 in Axes
 36145 | Snake:1  | Found Bithi's Antique Weapon Shoppe.
 36145 | Snake:1  | Found Siabij's Antique Armour Emporium.
 36149 | Snake:1  | Found Tuewawn's Assorted Antiques.
 36157 | Snake:1  | Bought a smoky white potion for 18 gold pieces
 36160 | Snake:1  | Bought a crude hat for 234 gold pieces
 36160 | Snake:1  | Identified the +1 hat of the Midnight Sun {rElec rF+} (You
                  | bought it in a shop on level 1 of the Snake Pit)
 36173 | Snake:1  | Bought a scroll of teleportation for 63 gold pieces
 36173 | Snake:1  | Bought a wand of acid (8) for 168 gold pieces
 36173 | Snake:1  | Bought a scroll of blinking for 157 gold pieces
 36173 | Snake:1  | Bought a scroll of magic mapping for 73 gold pieces
 36173 | Snake:1  | Bought a scroll of amnesia for 73 gold pieces
 37491 | Snake:2  | Found Ithozib's Weapon Shoppe.
 37608 | Snake:2  | Noticed Aizul
 37620 | Snake:2  | Killed Aizul
 37792 | Snake:2  | Found a glowing golden altar of the Shining One.
 38208 | Snake:2  | Identified the +5 ring mail of Oqock {Contam rPois Stlth+}
 38481 | Snake:2  | Reached XP level 17. HP: 86/143 MP: 7/34
 40251 | Snake:3  | Reached skill level 13 in Conjurations
 40254 | Snake:3  | BLOOD
 40440 | Snake:3  | Received a gift from Sif Muna
 40441 | Snake:3  | Got Ehici's Catalogue of Displaced Sinister Secrets {god
                  | gift}
 40449 | Snake:3  | Learned a level 6 spell: Starburst
 41296 | Snake:3  | Found Juatag's Jewellery Emporium.
 41297 | Snake:3  | Found Acaawneo's Book Shop.
 41298 | Snake:3  | Found Licy's Jewellery Emporium.
 41417 | Snake:4  | Entered Level 4 of the Snake Pit
 41422 | Snake:3  | ow
 41805 | Snake:4  | lol
 42897 | Snake:4  | Reached skill level 14 in Conjurations
 43443 | Snake:4  | >:(
 43889 | Snake:4  | Got a serpentine rune of Zot
 43890 | Snake:4  | \o/
 44065 | Snake:4  | Received a gift from Sif Muna
 44066 | Snake:4  | Reached XP level 18. HP: 149/149 MP: 9/36
 44067 | Snake:4  | Got Sif Muna's Catalogue of Gliding Shape Shifting {god
                  | gift}
 44164 | Snake:4  | I see what you did there
 44904 | Swamp:1  | Noticed Donald
 45040 | Swamp:1  | Killed Donald
 45046 | Swamp:1  | lol owned
 45059 | Swamp:1  | oh
 45062 | Swamp:1  | >:(
 45068 | Swamp:1  | Reached skill level 15 in Conjurations
 45069 | Swamp:1  | lol
 45239 | Swamp:1  | Found an opulent altar of Gozag.
 45432 | Swamp:1  | >:(
 45880 | Swamp:2  | hmm
 46078 | Swamp:2  | bo
 46089 | Swamp:2  | Reached skill level 5 in Translocations
 46144 | Swamp:2  | oh fuck offf
 46173 | Swamp:2  | Noticed a tentacled monstrosity
 46207 | Swamp:2  | book
 46211 | Swamp:2  | owned
 46219 | Swamp:2  | Noticed flyleaff's ghost (journeyman MfVM)
 46224 | Swamp:2  | Found a transporter.
 46229 | Swamp:2  | oh
 46258 | Swamp:2  | Found a one-way gate to the infinite horrors of the Abyss.
 46267 | Swamp:2  | Found a transporter.
 46725 | Swamp:3  | Noticed Mara
 46726 | Swamp:3  | nope
 46726 | Swamp:3  | NOPE
 46730 | Swamp:3  | Noticed Mlioglotl
 46731 | Swamp:3  | >:(
 46739 | Swamp:3  | Noticed Nikola
 46741 | Swamp:3  | come on man
 46743 | Swamp:3  | haha
 46743 | Swamp:3  | HAHA
 46743 | Swamp:3  | HAHAHAHAHA
 46743 | Swamp:3  | NO
 46772 | Swamp:3  | see ya
 46774 | Swamp:2  | ...
 46774 | Swamp:2  | ...........................................................
                  | .......
 46774 | Swamp:2  | ok
 46821 | Lair:4   | Learned a level 5 spell: Irradiate
 47112 | Vaults:1 | Entered Level 1 of the Vaults
 48161 | Vaults:1 | Reached skill level 10 in Invocations
 49224 | Vaults:1 | Reached skill level 15 in Spellcasting
 49797 | Vaults:2 | Cast into level 2 of the Abyss (a wizard)
 49798 | Abyss:2  | oh come on
 49856 | Abyss:2  | Found a sparkling altar of Nemelex Xobeh.
 49859 | Abyss:2  | Found an opulent altar of Gozag.
 49868 | Abyss:3  | Found a sparkling altar of Nemelex Xobeh.
 50060 | Abyss:4  | Noticed a bone dragon
 50097 | Abyss:4  | Reached skill level 16 in Conjurations
 50121 | Abyss:5  | Entered Level 5 of the Abyss
 50130 | Vaults:2 | Escaped the Abyss
 50806 | Vaults:2 | Found Zegiq's Book Shop.
 50809 | Vaults:2 | Bought a book of Dangerous Friends for 600 gold pieces
 51097 | Vaults:2 | Reached XP level 19. HP: 48/157 MP: 2/38
 51404 | Vaults:2 | Received a gift from Sif Muna
 51410 | Vaults:2 | Got Sif Muna's Grimoire of Mutagenic Attacks {god gift}
 51418 | Vaults:2 | Learned a level 5 spell: Iskenderun's Battlesphere
 53077 | Vaults:2 | ow
 53360 | Vaults:2 | Found a staircase to the Crypt.
 53386 | Vaults:2 | Identified the +1 pair of boots "Loeh" {rF+ rC- Dex+4}
 54818 | Vaults:3 | Reached skill level 5 in Summonings
 56699 | Vaults:4 | Reached skill level 10 in Axes
 57234 | Vaults:4 | Noticed a Brimstone Fiend
 57470 | Vaults:4 | Reached XP level 20. HP: 135/166 MP: 11/39
 57473 | Vaults:4 | Identified the +4 arbalest "Caedd" {penet, rF+ rC+ rN+
                  | rCorr}
 57576 | Vaults:4 | Noticed Sojobo
 57584 | Vaults:4 | Paralysed by an air elemental for 1 turns
 57596 | Vaults:4 | Paralysed by an air elemental for 1 turns
 58464 | Vaults:4 | damn
 58476 | Vaults:4 | Received a gift from Sif Muna
 58483 | Vaults:4 | Got Sif Muna's Sophisticated Witchcraft {god gift}
 58492 | Vaults:4 | Learned a level 7 spell: Spellforged Servitor
 58920 | Vaults:4 | Reached skill level 17 in Conjurations
 59180 | Vaults:4 | Found a large runed translucent door.
 59180 | Vaults:4 | Found a large runed translucent door.
 59181 | Vaults:4 | Noticed jasper's ghost (veteran DsAr)
 59181 | Vaults:4 | Found the +10 morningstar "Eos" {elec, Halo rElec}
 59961 | Vaults:4 | Identified the +1 arbalest "Demonslayer" {freeze, rC++
                  | Dex+4}
 60323 | Vaults:4 | Noticed Saint Roka
 60551 | Vaults:4 | Killed Sojobo
 60584 | Vaults:4 | Found Ati Kirgh's Armour Shoppe.
 60716 | Vaults:4 | Killed Saint Roka
 61023 | Vaults:2 | Gained mutation: Your tail ends in a poisonous barb.
                  | [potion of mutation]
 61023 | Vaults:2 | Gained mutation: Your muscles are strong. (Str +2) [potion
                  | of mutation]
 61023 | Vaults:2 | Gained mutation: You are robust. (+10% HP) [potion of
                  | mutation]
 61023 | Vaults:2 | Gained mutation: You expend magic power (3 MP) to
                  | strengthen your wands. [potion of mutation]
 61100 | D:14     | amn
 61100 | D:14     | that's alot of slaying
 61576 | Elf:1    | Got the Reference Book on Black Rituals
 62411 | Elf:2    | Paralysed by an air elemental for 1 turns
 62417 | Elf:2    | Paralysed by an air elemental for 1 turns
 62618 | Elf:2    | Found a runed translucent gate.
 62618 | Elf:2    | Found a runed translucent gate.
 62618 | Elf:2    | Found a runed translucent gate.
 62751 | Elf:3    | Entered Level 3 of the Elven Halls
 63202 | Elf:3    | Received a gift from Sif Muna
 63203 | Elf:3    | Got Sif Muna's Guide on Evil Beguiling {god gift}
 64100 | Elf:3    | Found Nyskorph's Book Boutique.
 64485 | Elf:3    | Identified the +1 ring mail of Wonder {rF+ rC+ Regen+}
 64486 | Elf:3    | Identified the +9 glaive of Hoqevu {vorpal, Dex+3}
 64706 | Elf:3    | Reached XP level 21. HP: 187/189 MP: 4/41
 65159 | Elf:3    | Paralysed by an air elemental for 1 turns
 65510 | Elf:3    | Identified the +1 hand axe of Courage {elec, Str+4 Dex+2}
 65511 | Elf:3    | Cast into level 2 of the Abyss (a deep elf demonologist)
 65512 | Abyss:2  | goddamn it
 65568 | Elf:3    | Escaped the Abyss
 65568 | Elf:3    | Identified the +3 triple sword of Youthful Indiscretion
                  | {vorpal, Str+2 Dex+7}
 65568 | Elf:3    | Identified the +4 scale mail "Voes" {Rampage}
 65698 | Elf:3    | Reached skill level 18 in Conjurations
 65748 | Elf:3    | nice glaive
 65835 | Elf:3    | Got Xoto Viu's Incunabulum of Mutagenic Snow
 65838 | Elf:3    | Got the Reference Book on Doomed Lightness
 65844 | Elf:3    | Identified the +1 scale mail of the Other Side {+Inv Int+5}
 65892 | Elf:3    | Identified the +2 robe "Gops" {Regen+ Dex+3}
 65924 | Elf:3    | Reached skill level 10 in Air Magic
 66071 | Elf:3    | Acquired 1260 gold pieces
 66240 | Elf:2    | Received a gift from Sif Muna
 66242 | Elf:2    | Got Sif Muna's Collected Works on the Supportive Arsonist
                  | {god gift}
 67104 | Orc:2    | Lost mutation: Your muscles are strong. (Str +2) [potion of
                  | mutation]
 67104 | Orc:2    | Lost mutation: Your tail ends in a poisonous barb. [potion
                  | of mutation]
 67104 | Orc:2    | Gained mutation: You sometimes lose the ability to read
                  | scrolls when taking damage. [potion of mutation]
 67104 | Orc:2    | Gained mutation: Your muscles are strong. (Str +2) [potion
                  | of mutation]
 67187 | D:12     | Lost mutation: You are robust. (+10% HP) [potion of
                  | mutation]
 67187 | D:12     | Gained mutation: Your body sometimes deteriorates upon
                  | taking damage. [potion of mutation]
 67187 | D:12     | Gained mutation: You passively dampen the noise of your
                  | surroundings. [potion of mutation]
 67188 | D:12     | Lost mutation: Your muscles are strong. (Str +2) [potion of
                  | mutation]
 67188 | D:12     | Lost mutation: You sometimes lose the ability to read
                  | scrolls when taking damage. [potion of mutation]
 67188 | D:12     | Lost mutation: You expend magic power (3 MP) to strengthen
                  | your wands. [potion of mutation]
 67245 | Lair:1   | Lost mutation: You passively dampen the noise of your
                  | surroundings. [potion of mutation]
 67245 | Lair:1   | Lost mutation: Your body sometimes deteriorates upon taking
                  | damage. [potion of mutation]
 67245 | Lair:1   | Gained mutation: Your flesh is heat resistant. (rF+)
                  | [potion of mutation]
 67245 | Lair:1   | Gained mutation: You have hidden genetic potential. [potion
                  | of mutation]
 67458 | Swamp:3  | Noticed lawman0's illusion
 67550 | Swamp:2  | Killed Mara
 67758 | Swamp:3  | Killed Nikola
 67767 | Swamp:3  | Killed Mlioglotl
 68303 | Swamp:4  | Entered Level 4 of the Swamp
 69031 | Swamp:4  | Noticed the 27-headed Lernaean hydra
 69042 | Swamp:4  | Killed the 27-headed Lernaean hydra
 69043 | Swamp:4  | lol owned
 69304 | Swamp:4  | Got a decaying rune of Zot
 70081 | Swamp:4  | Learned a level 4 spell: Iskenderun's Mystic Blast
 70143 | Lair:4   | Upgraded the game from 0.28-a0-697-g47f3eba078 to
                  | 0.28-a0-706-gf6f64a616a
 70486 | Crypt:1  | Entered Level 1 of the Crypt
 70666 | Crypt:1  | Noticed Mennas
 70667 | Crypt:1  | lol
 70667 | Crypt:1  | lmao
 70696 | Crypt:1  | Paralysed by a vampire knight for 2 turns
 70735 | Crypt:1  | Killed Mennas
 71478 | Crypt:1  | Identified the +0 war axe "Wekk" {venom, rPois rCorr Str-3
                  | Int-3}
 71598 | Crypt:1  | Reached XP level 22. HP: 156/181 MP: 1/43
 72197 | Crypt:1  | Identified the -3 pair of gloves "Loics" {-Cast rCorr
                  | Str+6}
 72198 | Crypt:1  | >:(
 72896 | Crypt:2  | Received a gift from Sif Muna
 72897 | Crypt:2  | Got Sif Muna's Catalogue of the Arsonist and Calling {god
                  | gift}
 73111 | Crypt:2  | Reached skill level 10 in Fire Magic
 74828 | Crypt:3  | Entered Level 3 of the Crypt
 75242 | Crypt:3  | Reached skill level 19 in Conjurations
 75705 | Crypt:3  | Gained mutation: You passively map a small area around you.
                  | [hidden potential]
 76067 | Crypt:3  | sick
 76517 | Crypt:3  | Received a gift from Sif Muna
 77341 | Crypt:3  | Noticed a royal mummy
 77348 | Crypt:3  | Noticed Khufu
 77564 | Crypt:3  | Reached skill level 10 in Summonings
 77761 | Crypt:3  | my god
 78403 | Crypt:3  | >:(
 78535 | Crypt:3  | Noticed a royal mummy
 78537 | Crypt:3  | Noticed a dread lich
 78542 | Crypt:3  | Learned a level 7 spell: Haunt
 78552 | Crypt:3  | Paralysed by a dread lich for 3 turns
 78556 | Crypt:3  | Killed a dread lich
 78605 | Crypt:2  | peace
 78835 | Crypt:3  | Killed Khufu
 78971 | Crypt:3  | Killed a royal mummy
 79054 | Crypt:3  | Killed a royal mummy
 79355 | Crypt:3  | Found an ancient bone altar of Kikubaaqudgha.
 79546 | Crypt:3  | Noticed a dread lich
 79546 | Crypt:3  | Paralysed by a dread lich for 2 turns
 79553 | Crypt:3  | Killed a dread lich
 79695 | Crypt:3  | Found a staircase to the Tomb.
 79867 | Crypt:3  | Reached skill level 10 in Dodging
 80103 | Depths:1 | Entered Level 1 of the Depths
 80664 | Depths:1 | Noticed a juggernaut
 80669 | Depths:1 | Noticed a juggernaut
 80828 | Depths:1 | Received a gift from Sif Muna
 80829 | Depths:1 | Got Sif Muna's Catalogue of Floating Cold {god gift}
 80859 | Depths:1 | Mangled by a juggernaut

Illustrated notes #..#≈..♣..≈#....#### #..#≈≈...≈≈#........ ######.###...###.##.#### ............####.##.#### ######..###............. #..# #####...#.#### #..# ....<.....# #..# ###...#.#.## #.@# .....##....# #.>.......#.###........ #...#..##.....#.##....# ##...).# .##.# #.#.## #.##..# # #..... .. #..# ....## #. #..# ####### ...# ... ##. Turn 4263 on D:6: hell yeah ##.###.#.. ###......... #####........... ######..........#.... #......####.....###.. #.#.##.####.##..###.. #....††..........#... #..♣.♣.♣.♣...#....... #...@.♣.∩....#.#.##.. ##.♣.♣.♣.♣.....#..... #..♣.♣.♣............ #.♣.♣.♣.♣..#.#..<... #..∩.♣.∩.....#...... #.♣.♣.♣.♣..##....... #..........# ...... ###........# .... ########## ...# Turn 7341 on D:7: sick ..........### ######......# . #......# [ #......# # #......##+### # #######.....# #.....# #.....# #....@# +..>..# #.....# #.....# ####### Turn 9818 on D:9: sick ........9§.# ...........##### ........)....... ...............# ########'###...# ..........#...#### ..........#......# ##........#......# #.......@#..)...# #........'......## #........#)......# #........#........ #....##+##........ #....#.......##### #..###.......# ...#.........# #.........# Turn 11281 on D:11: sick ##### ##...## #.....### #....... #.....# #..@# ##..# #.## .w ##. #. ## Turn 12917 on Lair:1: fuck .................<.......... ............................ ............................ ............................ ............................ ............................ ........................ ........................ .......@................ ........................ ........................ ........................ .........§§(.......$... ........§☼§........... ........§§☼.......... .).................. ................. Turn 23161 on D:12: oh ### ##.## #...### ......############## ########### #............[.)...# #.......... ##.#.############..# #.######### .....# ####..# #.# ###### #.....# #.# .# #..@..# #.# ## .######### ###'''### #.# #. .........# #§§≈..' #.# #. .#######.# #§#§○.### ##.## ###. .# ##.###≈§§§.'p###...## #... #######.#.##§#§§§# ##.....# ##.## #".....###.#§'...' #......# #..# #.#.###.#..#≈#...# ##.....# #..## #.#.# ##...#.'...+ #......# #.... Turn 27597 on D:14: holy fucking shit ### ##.## #...### ......############## ########### #..................# #.......... ##.#.############..# #.######### .....# ####..# #.# ###### #.....# #.# .# #..@..# #.# ## .######### ###'''### #.# #. .........# #§§≈..' #.# #. .#######.# #§#§°.### ##.## ###. .# ##.###≈§§§.'.###...## #... #######.#.##§#§§§# ##.....# ##.## #......###.#§'...' #......# #..# #.#.###.#..#≈#...# ##.....# #..## #.#.# ##...#.'...+ #......# #.... Turn 27598 on D:14: AAAAAAAAA ### ##.## #...### ......############## ########### #..................# #.......... ##.#.############..# #.######### .....# ####..# #.# ###### #.....# #.# .# #..@..# #.# ## .######### ###'''### #.# #. .........# #§§§..' #.# #. .#######.# #§#§°.### ##.## ###. .# ##.###≈☼§§.'.###...## #... #######.#.##§#§§§# ##.....# ##.## #......###.#[§...' #......# #..# #.#.###.#..#≈#...# ##.....# #..## #.#.# ##...#.'...+ #......# #.... Turn 27599 on D:14: oh my god ### ##.## #...### ......############## ########### #..................# #.......... ##.#.############..# #.######### .....# ####..# #.# ###### #.....# #.# .# #..@..# #.# ## .######### ###'''### #.# #. .........# #§'≈..' #.# #. .#######.# #§#§..### ##.## ###. .# ##.###§☼§§.'.###...## #... #######.#.##§#§§§# ##.....# ##.## #......###.#§'...' #......# #..# #.#.###.#..#≈#...# ##.....# #..## #.#.# ##...#.'...+ #......# #.... Turn 27600 on D:14: AXE #..#..)..... ..#.....######.### #..#.#########.#..#..# #.# #..#.# §§#.#.....# #.# #..#.# #p#.#..##.## #.# #..#.# #○°§#..#...#####.# #..#<# #p§§#............# #..#.# #(≈.#.##...####### ##.#.# #.#......### #.#.# #@#......>.####### #.#.#########.#............... #.#.(.§§......#......<.##.###. #.####§§≈≈≈####.##.........##. #...........^...##...##....... ########################...##. ##.###. ### #. #. Turn 27761 on D:14: aw *,,* *,* *,,,,,,,,,,#######... *,,* *,* #..........# #... *,,* *,* #..........# #... *,,* *,* #..........# #... *,,* *,* #.........<# #... *,,* *,* #..........# #..) *,,* *,* #..........# #... *,,* *,* #..........# #..< *,,* *,**###...@......#######... *,,***,,^....................... *,,,,,,,........................ ********######################## Turn 28185 on D:15: lmfao ########.#...............### #.#...............#.. #.#.............†.#.. #.#...............#.. ##.#.....###########.. #..#.....#............ #..####'##............ #..................... #######....@(..........##### #......................#>... #......................+.... #......................#.... #.........########..(..##### #.........#......#.......... #.........#......#.......... #.........#......#..##'##### #.........#......#..#......# Turn 29773 on D:13: axe #.####..####..###.....# #.# #..#.........#..# #.####..#............###. #..............)......... #..........^....)○#...... ##...............○.####.... .........#.......○.# .... ....###..##........####.... ##..# #..#####..@.##....... #..# #..##..........# #.# ##..###..##..........# #.# #.. .........##...######.###.####..# ..............# #.........).# ..............# ######.####... #...###.###...# #...<..)..#..# #...# #.###...#####.........#..## ....# #.......................... Turn 40254 on Snake:3: BLOOD ### #....# #..........^. ##....###............ ##...............#.... #...........###..##... #### #..#######..# #..##### ...## #..# #..# #..##... ....## #..#######..###..##... .....# ##..#.............##... .....# #.....@................ ....(# #.##................... .....######.##...###...###.###... .............#...###...# #.###... ........)..............# #....... ............##...####..# #####... ...........###...# #..# #### ..........## #...####..# ...#.....## ##........# Turn 41422 on Snake:3: ow #.##.......## #...........## #............# #.#..........# ####.........## ##....#....## ##...#.....#### #...##.......). ##.=##@...#.#.# #.# #...###....... ... ##...#####.#.# #.# ## ##................. ##.....#.#.#.#.#. # #.............. .# ##....#.#.#.#.#.## ##..........<...# ##...#.#.#.#.#.## Turn 41805 on Snake:4: lol ..# ##N..#....## S## #...##(...### .# ##.N####....##### .# #.○.#.##.......## .# #.°.#...........## .# #.○.#............# .# #.°.#.#..........# .. #...####.........## ..# ##.@.#.###....#....# ##..^##...##...#..... ##....#.....#...##.... # ##)...##.(...##.=##.... ### ##.....#.......#...###.. ..# ##.....##.......##...#### ..# ##.....##.........##...... ########.....######.......##..... ................[.........##..... Turn 43443 on Snake:4: >:( ##...)..........##..## ##...).######.....#...## #....#....###....###...##...## ##....##...##........##...#....# #.SN.##...##...)......#...##(... ##...# #...#...○###....##..####.. #...####...#...§§§##....#...#.##. #...#..#...#...§§§§##)..#...#.... .......#..)#....@..##...#.).#.... .).....#...##......##...#)).#.#.. .......##÷÷.#.....##....#...####. ....(...#..)###..##....##.).#.### ..?.....#.....####....##..^##...# ........##..)..).)...##....#..... .........##.........##)...##.(... ###.......###...).###.....#...... ##..).).....########.....##...... Turn 43890 on Snake:4: \o/ ##.....########....##....## ## #.....###.....######...###. .## ##....##....)....###...##... ..# #....##...........##........ ..# ##...##....####.....#........ ..###...##....##..###...#........ ...##...#...)##.....#)..##....... ....#...#...##......##...#....... ....#...#...##..@....#.).#....N.. ....#...#...##.......#.))#....... ...##..)#..).##......#...#.....<. ..####.)##....###....#...#..##... ...# #...#...)......##...####.... #..###.).##...)....##...###....## #...###...###....###....##...### #...###...).######.....##..### ##....##..)...........##...# Turn 44164 on Snake:4: I see what you did there ♣♣ ♣♣♣ ♣♣ ♣≈♣♣♣≈≈♣♣ ♣≈♣♣≈♣≈≈≈≈≈♣ ♣°≈♣≈♣≈≈≈≈≈♣ ♣♣§≈≈≈≈≈≈≈♣♣♣♣ ≈♣♣ ♣♣♣≈○≈≈≈≈.<.≈≈≈♣ ≈§. ♣≈≈≈.≈...†≈†≈♣♣..≈≈≈≈ ♣♣♣.≈≈†)@≈§..♣♣ .≈≈≈. ♣≈.≈≈≈≈≈....≈♣♣..≈≈≈ ♣≈..≈≈≈..○..≈.≈≈..≈≈. ♣♣≈...≈≈....≈..≈≈..≈≈. ♣...≈.≈≈.≈≈≈.≈≈≈≈.≈≈.. ..≈..≈≈..≈≈≈...♣.≈§§≈. ≈≈≈≈≈≈...≈≈§...≈.≈≈§≈. ≈≈≈§≈≈≈.≈........§≈≈!. ..≈§≈§†...○°≈○§≈.≈≈≈.$ Turn 45046 on Swamp:1: lol owned ≈≈†)†≈≈..♣♣≈.≈≈≈.. ≈≈≈≈≈....≈♣♣..≈≈≈♣ ≈≈≈.....≈.≈≈..≈≈.♣ .≈≈....≈..≈≈..≈≈.♣ ♣♣♣♣ .≈≈.≈≈≈.≈≈≈≈.≈≈..♣ ♣.... ≈≈..≈≈≈...♣.≈≈≈≈.♣♣.≈≈≈. ≈...≈≈≈...≈.≈≈≈≈.♣≈.≈≈≈. ≈≈.≈........≈≈≈!.D♣.≈≈≈. ≈≈.....≈≈≈≈.≈≈≈.@...≈≈≈! ..§≈..≈≈≈≈.≈≈≈≈≈≈...≈... ≈.≈≈.≈≈≈..≈≈≈≈≈≈≈≈.≈≈≈≈≈ ≈.≈≈.≈≈≈.$≈≈≈≈≈≈≈≈..≈≈≈. .≈♣♣♣...≈......≈≈.♣..≈.. .. ♣..$♣≈.....≈..♣♣♣.... § ♣♣♣♣♣≈≈......♣♣ ♣... .(...... ..≈ Turn 45059 on Swamp:1: oh ♣≈≈≈.≈...†≈†≈♣♣..≈≈≈≈ ♣♣♣.≈≈†)†≈≈..♣♣≈.≈≈≈.. ♣≈.≈≈≈≈≈....≈♣♣..≈≈≈♣ ♣≈..≈≈≈.....≈.§≈..≈≈.♣ ♣♣≈...≈≈....≈..§≈..≈≈.♣ ♣♣♣♣ ♣...≈.≈≈.≈≈≈.≈≈≈≈.≈≈..♣ ♣.... ..≈..≈≈..§≈≈...♣.≈≈≈≈.♣♣.≈≈≈. ≈≈≈§≈≈...≈≈≈...≈.≈≈≈≈.♣≈.≈≈≈. ≈≈≈§≈≈≈.≈.....@..≈D≈!..♣.≈≈≈. ..≈≈§≈≈.....≈≈§≈°○≈○*$...≈≈≈! ...≈≈..≈≈..≈≈≈≈.≈≈○≈≈§...≈... ..§≈§≈.§≈.≈≈≈..≈≈§≈≈≈≈≈.≈≈≈≈≈ ≈.≈§≈≈.≈≈.≈≈≈.$§§≈≈≈≈≈≈..≈≈≈. ≈.≈≈≈.≈♣♣♣...≈......≈≈.♣..≈.. .♣..≈.. ♣..$♣≈.....≈..♣♣♣.... ♣♣≈.§ ♣♣♣♣♣≈≈......♣♣ ♣... ≈≈≈ ..(......♣ ..≈ Turn 45062 on Swamp:1: >:( ♣♣♣.≈≈†)†≈≈..♣♣≈.≈≈≈.. ♣♣≈.≈≈≈≈≈....≈♣♣..≈≈≈♣ ♣≈..≈≈≈.....≈.≈≈.○○≈.♣ ♣♣≈...≈≈....≈..°≈..≈*.♣ ♣...≈.≈≈.≈≈≈.≈≈≈≈.≈≈..♣ ♣ ..≈..≈≈..≈≈≈..°♣.≈≈≈≈*♣♣. ≈≈≈≈≈≈...≈≈≈..°≈.≈≈≈≈○♣≈. ≈≈≈≈≈≈≈.≈........§≈≈!○.♣. ..≈≈≈≈≈.@..D≈≈≈≈.≈≈≈○$... ...≈≈..≈≈..≈≈≈≈.≈≈≈≈≈§... ...≈≈≈.§≈.≈≈≈..≈≈≈≈≈≈≈≈.≈ ≈.§≈≈≈.≈≈.≈≈≈.$≈≈≈≈≈≈≈≈.. ≈.≈≈≈.≈♣♣♣...≈......≈≈.♣. .♣..≈.. ♣..$♣≈.....≈..♣♣♣ ♣♣≈.≈≈ ♣♣♣♣♣§≈......♣♣ ≈≈§≈§ ..(......♣ Turn 45069 on Swamp:1: lol ........ ..>≈♣.. .≈≈..... ..≈≈≈..°... ≈≈≈(≈≈≈≈ ..≈≈≈≈≈≈..♣ ....♣≈≈≈ .≈≈≈≈≈≈≈. ♣♣ .≈≈♣♣ .. .§§≈≈§.♣♣§♣ .≈.≈♣ ♣ ♣§.....§♣ ...≈♣ ♣.≈§≈.♣ ≈≈..♣ ♣♣♣.§w§.♣♣♣♣ ...♣♣ ♣≈≈≈.@§..§☼♣ ≈≈..♣♣♣ ♣♣♣♣○.§≈≈♣♣♣ ≈≈≈≈≈.♣♣ ♣§♣§≈..♣ .≈≈≈≈..♣♣♣♣♣♣♣♣.....♣ .≈≈≈≈.≈♣♣.≈..≈.§§..≈§♣ .....≈≈≈.≈≈..^..§§..♣☼♣ ..≈≈>≈≈≈........≈.≈.♣♣♣ .♣♣≈.≈≈≈....≈≈.....♣♣ ..≈...§............♣ Turn 45432 on Swamp:1: >:( ##...♣ #...≈ ####=..♣♣♣ ##......≈.♣ ........≈≈♣ ........≈≈♣ ≈.w..≈≈..<♣♣ ♣@..≈♣ ..≈.≈≈.≈.≈.≈≈≈. ..≈≈≈≈≈...≈≈F≈≈ ≈..≈≈≈≈.≈.≈≈..♣ ≈.≈≈≈≈≈≈♣≈..≈♣♣ ≈$≈≈≈≈≈.≈≈≈♣♣♣ ≈≈.≈≈≈≈≈i≈≈. ≈≈≈≈≈≈≈..i.♣♣ Turn 45880 on Swamp:2: hmm ♣≈≈≈≈≈≈.§ ≈.. ♣...≈≈≈†♣♣ ♣≈. ♣.≈≈§≈.♣♣≈♣ . ♣≈≈≈≈.≈≈♣♣♣ ≈. ♣♣.......≈♣♣ ≈≈. ♣♣♣.>.†≈≈§≈..♣♣ .D≈. ♣§..≈†..†§≈≈..♣♣ ..... ♣♣.≈≈≈≈≈.≈≈≈§.≈♣.≈≈≈x. ♣♣≈.≈≈≈≈≈.≈....@.§≈≈... ..≈.§≈≈≈≈≈≈..≈≈≈§≈≈≈>.≈ .§≈.♣♣.<.≈♣...≈≈≈≈≈≈... .≈≈. ♣♣≈........≈≈≈..≈. ≈≈.≈ ♣..≈≈≈.♣♣§....♣.. ≈≈. ♣.≈§≈≈.♣.....♣♣ ♣ ≈≈. ♣.≈≈≈≈.♣.i♣..♣ .. ♣.≈≈≈........w ♣ ♣≈.≈≈≈≈≈≈ Turn 46078 on Swamp:2: bo ##....... ..≈.≈≈≈≈ ......≈ .§≈.♣♣.< .....≈ .≈≈. ♣♣≈ # ....♣ ≈≈≈.≈ ♣. .p##.##...♣♣ ≈≈≈≈. ♣≈. #...p.#...≈♣♣.≈≈≈≈. ♣♣. ####...♣≈♣.≈≈.. ♣. ###......≈.♣≈..♣ ♣≈ ........@.≈≈♣..♣ ♣♣ ..........≈≈≈..♣ ..≈.≈..≈≈..<≈♣♣♣ ≈≈≈≈.≈.♣♣<..≈♣♣♣≈.≈ ≈...§.≈≈.≈)[.≈≈≈..≈ ≈≈..≈≈≈≈≈)..≈≈≈≈≈♣. ≈≈≈..≈≈≈≈.≈.≈≈..♣♣ ≈≈.≈≈≈≈≈≈♣≈..≈♣≈♣ §$≈§≈≈≈.≈≈≈♣♣♣♣♣ Turn 46144 on Swamp:2: oh fuck offf ≈≈.≈.§.....## ♣..§.≈.≈.≈...?.©# ♣..≈?...≈.≈.... #.. ♣♣.≈°...≈≈≈≈...# .#♣ ♣.≈.○..≈§...... .♣.i ♣≈.≈○≈..≈≈..).##...## ♣≈.○..≈.≈..).#u.2##. ♣♣...°....§>..## ##.. ♣.≈.@.≈...≈≈...###... ♣....[...≈........... ♣♣.≈.≈≈.≈:.≈......... ♣.....≈≈..≈.♣....≈.≈. ♣♣≈≈...≈.§.♣♣♣.♣≈♣..≈ ♣...≈..≈≈.♣ ♣♣♣♣≈.≈≈ ♣♣≈♣...≈...≈≈♣ ♣..≈≈ ♣♣♣≈..♣.≈...♣♣.≈≈≈≈ ♣♣≈♣♣♣.♣...≈.≈.≈≈ Turn 46207 on Swamp:2: book ♣≈....≈≈.... ♣♣≈♣≈≈.≈.≈.....## ♣..≈.§.≈.≈...?.©# ## ♣..≈?...≈.≈.... #.. .# ♣♣.≈≈...≈≈≈≈...# .#♣.# ♣.≈.○°.≈≈...... .♣.i. ♣≈.≈.≈○.≈≈..).##...###.p ♣≈....≈.≈..).#u.2##.##. ♣♣.....@..≈>..## ##..## ♣.≈...≈...§≈...###....## ♣....[...≈.............. ♣♣.≈.≈≈.≈:.≈............ ♣.....≈§..≈.♣....≈.≈.≈.. ♣♣≈≈...≈.≈.♣♣♣.♣≈♣..≈≈≈≈ ♣...§..≈≈.♣ ♣♣♣♣≈.≈≈≈≈. ♣♣≈♣...≈...≈≈♣ ♣..≈≈≈≈≈ ♣♣♣≈..♣.≈...♣♣.≈≈≈≈≈≈≈ Turn 46211 on Swamp:2: owned ...... ♣♣..... ♣.≈≈♣ .≈≈..### ♣..≈.♣♣♣....#.# ♣♣.≈.♣♣.≈F..#W ♣♣≈≈≈.≈≈.....## ♣..≈..≈.≈≈≈...# ♣≈....≈≈...@.## # ♣♣≈♣≈≈.§.≈.....##..©# ##. ♣..≈.≈.≈.≈.....©#p..## ##.. ♣..≈....≈.≈.....#..#.# ... ♣♣.≈≈...≈≈≈≈...###.#♣.# ... ♣.≈.≈..≈≈......# .♣.i. # .. ♣≈.§.≈..≈≈..).##...###.p##.##. ♣♣≈....≈.≈..).#2.2##.##...p.#. ♣♣........≈>..##.##..## ####. Turn 46229 on Swamp:2: oh ≈≈≈..§♣ ≈R♣ ≈.≈≈ ≈.♣♣≈v♣ ?.≈≈.......♣ ≈≈≈.≈ ..≈≈.♣ ≈≈≈.≈.♣≈≈≈.♣ ≈.♣≈.°§≈♣≈§♣.♣ ≈.≈.≈≈°≈≈w...♣♣ . ≈.≈♣.≈☼○t.@(≈.♣.. ≈≈..≈≈≈°§Z.≈≈♣≈.≈♣ ...°.≈○°°≈≈≈.≈.≈≈♣ ♣.≈≈§.ZZ≈t.≈§≈.♣ ♣.♣≈≈°§°≈.§≈.≈♣♣ .♣♣?≈≈○○.○≈.≈≈.♣♣ ≈≈.≈≈..>.♣♣♣♣..♣ ≈≈♣♣♣♣♣♣♣♣ ♣.≈ Turn 46726 on Swamp:3: nope ..≈.....# . ♣..≈$♣... . .≈...≈..# .# ≈.≈....X###.### ≈.....≈........ ≈..≈≈........ . §.≈..≈..≈.♣≈... n.≈≈..≈@≈..♣ ...≈......♣♣ ....§..≈≈..♣ ...≈♣...≈.♣♣ ♣≈. ....♣♣♣ ♣. ♣≈≈≈.♣ . .≈..≈≈ ≈≈..♣≈≈ Turn 46731 on Swamp:3: >:( ≈k ♣♣..≈v....# . ♣♣R ≈♣♣..≈$♣... . ♣.. R≈.≈...≈..# .# ♣.$ x.≈.≈.....###.## ♣≈...≈≈D....≈....... ♣.≈...≈..≈≈......... ♣.♣≈§≈.≈..≈..≈.♣@.. ♣@.≈≈.Z≈..≈≈≈..♣ ♣≈§....≈§X....♣♣ ♣♣.≈....≈.X§≈..♣ ♣..)..n≈♣..○≈.♣♣ ≈w♣≈w§..v○♣♣♣ ♣.♣..♣§≈≈.♣♣♣ .≈.≈§.≈..≈≈.♣ ♣..♣.≈≈..♣§≈..♣ ♣.. ♣♣♣...♣≈...♣ Turn 46741 on Swamp:3: come on man .....≈♣..# ## ≈.≈. ≈≈..# .# ≈..≈...... ..# ≈.... ≈.. ..## ≈k.♣♣..≈.....#... . ♣♣.≈≈♣♣..v$♣.#.. . ♣.Rx.≈.≈...≈..# .# ♣.$.R.≈.≈#..@.###.### ♣§..x≈≈...#.≈.3...... ♣.≈...≈D.≈≈.....#.... ♣.♣≈§≈.≈..≈..≈.♣§... ♣..≈≈.Z≈..≈≈≈.@♣≈≈ ♣≈§.#.n≈X.....♣♣ . ♣♣.≈..w.≈.X§≈#.♣ ♣..§...≈♣#.°≈.♣♣ ♣..≈w♣≈.§...○♣♣♣ Turn 46743 on Swamp:3: haha ♣ .≈≈w≈. ♣ ♣..≈D..♣ ♣♣♣♣♣♣♣ ♣..≈....♣ §§§§..♣♣ ..<♣.≈♣.♣♣ §§§....♣♣ ♣.≈♣.♣..§§≈≈..♣♣ ###§##..♣♣♣.≈≈≈♣≈≈≈≈≈≈..≈♣♣ ≈.♣ .#..#..♣♣...≈.♣.§§≈.≈≈≈≈.♣♣≈.♣ ..#..+..♣♣♣≈≈≈.♣≈≈§?.≈≈....R..♣ .##..#..♣♣..≈≈≈♣@≈.≈≈≈.≈...≈≈.♣♣ ..#..#..♣♣..≈..♣.≈≈≈≈≈.≈.♣≈≈≈.≈♣ ÷....#..♣♣[≈≈≈.♣≈≈.♣≈.≈≈≈≈≈≈♣.♣♣ ..#..#..♣..≈.≈.§≈≈.≈.≈≈≈≈≈....♣♣♣ #.####..♣.≈≈§≈≈♣≈≈.≈♣.≈≈≈≈v.(D.≈. .....).♣≈..≈≈≈.♣.≈§..≈≈≈≈≈t.≈≈♣≈. ......≈≈≈≈.≈≈≈≈≈♣.....§.≈≈≈≈≈.≈.≈ ♣≈...♣≈.≈♣.§≈≈$♣♣.♣♣.≈≈≈.≈≈§..§≈≈ .♣≈≈≈..≈.§≈≈≈≈.♣ .♣♣.♣≈≈≈○.≈.t≈.≈ Turn 46772 on Swamp:3: see ya ..≈♣♣♣ ♣♣♣≈≈§.≈.♣..##....#... ≈≈≈..♣ ♣.......≈♣♣......#..≈> .....♣ ♣≈≈..≈≈.≈♣♣♣.......≈.≈ ....♣♣♣ ♣≈≈≈≈≈≈.≈♣ ♣≈........≈ ....♣≈♣♣ ♣...≈≈≈§♣♣♣♣≈.≈≈≈....≈ .....≈.♣ ♣♣♣.≈≈≈≈.♣♣≈♣♣♣.≈≈..§. .....≈.♣♣ ♣♣≈≈≈≈.≈≈≈♣♣♣♣.≈..§≈ ........♣♣♣ ♣♣.......≈♣♣≈♣♣.§≈≈ #.....≈...♣♣♣♣♣.@..≈≈≈≈..≈♣♣♣≈.≈≈ ##...≈≈..≈.♣♣≈..≈≈..≈≈§≈..♣♣♣.... ##...♣.≈...♣♣♣.≈≈≈≈≈.≈≈≈≈.≈♣.≈≈§≈ #...♣..≈♣♣♣♣♣≈.≈≈≈≈≈.≈...[[.≈≈§.. .........≈≈..≈.≈≈≈≈≈≈≈..≈≈≈≈≈≈≈>. .....≈≈.≈≈≈.≈≈.♣♣.<.≈♣...≈≈≈≈≈≈.. ....≈≈≈.≈≈§.≈≈.♣♣♣≈........≈≈≈..≈ ....♣♣♣..≈≈≈.≈^♣♣♣..§≈≈.♣♣[....♣. #...♣♣♣♣≈≈≈≈.♣♣♣♣≈.§≈≈≈.♣.....♣♣♣ Turn 46774 on Swamp:2: ... . .. ... .... #+###'.#. #.......# #@.# #...## #..## #.# #. #. . . Turn 49798 on Abyss:2: oh come on ##### ##...## ######### #####.....######.......# ##...##...##...##.......# #.....##'##@....'..)....#### ##...#'...'#...##..).)..'... #####....)######.).....#... ##...#'...'# #.......#... # #.....##'##.....###'#####..) # ##...##...##...###..# #... ########'##.....#######..### #... ...p......##...## #..##..# #... .......§..###### ###..##..###... Turn 53077 on Vaults:2: ow . #.# ## # ... ... .. #.# #.# #.# .####+# ...... ......#####.#.### #######....#..(#...'. ......#....#.#.#.#.# ..)...#....#<.['@..# ##### ......#....##'######### ..... ......#.....[[......... .... ......#....[.)...################ ...)..#..........#..............# ......#..........#..............# #####+#..........#..............# .....(...........#..........u...+ ...).............#...[....k.9...# Turn 58464 on Vaults:4: damn ..# ##.###.'...')###...## #.. ########.#.##§#...####.....# ##.# ##".....###.#§§...'.#......# #..# ##.#.###.#..#§#...####.....# #..# ##.#.# ##...#.'...'.#......# #... ##.#.# ##.#.#.#...########.# #.## )).#.###....#§§...'.# #.# #.#< #.[#.##..#..#§#...### #.# #.#. .#.#.#......#§§.@.'.######.###.#. ..[......##.#########..........#. #.....#.....# ##.#########. ##...###.#### #.# #. ###...#.### #.# #. ..........# #.# ## #####...#.# #.# #####...#.# #.# ........#.# #.# Turn 61100 on D:14: amn .... .!. ... ..# ##.## ... #.# #@# #.# #.# #.. ..# #.# #.. #.# Turn 65512 on Abyss:2: goddamn it **,,,,,,,,,,,,,,,,,,,,,** ### *,,,,...............,,,,* ..##*,,,,...............,,,,* ...#*,,,,..............,,,,,* ...#*,,,,,..........)#,,,,,,* ...#*,,,,,##.......°.##,,,,,* ...#*,,,,*#....)......#,,,,,* ...#*,,***#....[†.....#**,,,* ...#*,***,,,,,*#@#*,,,,,,**,* )..#*,*,,,,,***#)#***,,,,,,,* ...#*,,,,,*** #[# ***,,,,,* )###*,,,*** #)# ***,,,* )# *,*** #[# ***,* .# *** #[# *** .# ##### ###.### )#####.#.#####)#[#.# )..).......?...).#.# Turn 65748 on Elf:3: nice glaive ♣♣♣ ♣♣♣♣♣♣♣♣♣♣♣♣♣♣≈.≈ ♣.≈≈..(..≈≈..≈♣.≈≈≈ ♣.≈.....≈≈≈§....≈≈≈ ♣≈≈♣♣≈§.≈≈≈..≈≈≈≈≈ ♣♣.≈....≈.≈...≈.≈§≈ ♣.≈≈≈≈.≈.≈.@.≈≈.♣.≈ ♣.≈≈≈≈≈...≈≈≈≈≈...≈ ♣♣.≈≈≈≈≈...≈○....♣♣♣ ♣≈≈≈≈≈≈≈.≈.○≈≈≈♣♣♣≈ ♣♣≈≈≈≈≈≈.♣.§≈≈≈♣♣.≈ ♣≈≈≈≈§≈≈..≈≈≈≈≈≈.. ♣..≈≈≈≈.§≈≈§≈≈♣♣♣ ♣≈≈≈≈≈.≈≈≈≈≈≈≈♣ ♣≈≈≈..♣♣≈..≈≈≈♣ Turn 69043 on Swamp:4: lol owned #..# #..# #######..# .A.......# ... .........# ....# ..[......# ....# .........# #....# .........#####....# .......@..........# ####..............# #..............##### #..................# #............⌠...... ..................... ...###########'''####. ... ##...## #.....# Turn 70667 on Crypt:1: lol #.................# #.... #.................# ##... #.####............# #.... #. #...#####....# ##... #...# #....# #.... #... #....# ##... #...#+###....# #...) .............# ##... ........@..# #.... ...........|.... ##... ................ ##... ################ ##.... #..... #..... #⌠.... #..<.. #..... Turn 72198 on Crypt:1: >:( ** , , , , , , , , , , , ,, , , , , * * ################ * , , #.@≈≈#.§§§#..≈≈# # ≈ * #...≈#..§§#)..≈# ## , ,,,#....#..§.#....###. , #....#....#....##.. ##++###''###''###''###.. * #...................#8.. +...................'... #...................#8.. ######################.. Turn 76067 on Crypt:3: sick

###################...##...P...#.
#....................##........#.
#...................##.......P.##
########''###########...P......#.
...............................#.
.....P.......P.................#.
......P................P..PP.P.#.
............Ps.................#.
.......P......Ps@......P...P...#.
..............PM...............#.
#############sB##################
##### #....#..§§#..≈§#..≈≈#
###≈§§### #....#..§§#...≈#)..≈#
##....§..###....#....#....#....##
#........^##M.B.#....#....#....##
..###.###..##''###''###''###''###
...≈#.#≈...#...................#8


Turn 77761 on Crypt:3: my god #...############''## ##...#.............#
.#...'.............# .#...'.............# .#...#.............#
'################### .8###≈≈≈≈≈≈≈.......# ....##≈≈≈≈≈≈[.####.#
.....##≈≈≈≈≈≈≈#)@#.# ......#≈≈≈≈≈#≈≈(}#.# ......##≈≈≈≈#≈≈.[#.#
......8#≈≈≈≈######.# ⌠......'...........# ......8#...........#
...)################ ....'...'..........# ....'...##########.# Turn 78403 on
Crypt:3: >:( #.....'..# #..## #.....#..# ##### #.... #.....#..# #####...## #....
#.....#..#####...'....## #..## #.....'..........'.....###....
####.....'(.......###.....'...... ...'.....#...###..# #.....'......
...'.....##..# #..# #.....#####.. #..#.....##..# #@.# #.....# #.) #..#.....##..#
#..# #....## #.. #..#.....##..# #..# ##..## ####'' #..###''###..###..####''#
##..... #..# #..# #..#...:......###...... #..# #..###..#............'......
#..###.........#..####....'.).... .^..##............# ##..###......
........###.###..## #...# #...... Turn 78605 on Crypt:2: peace

Levels and vault maps discovered:
D:1:      evilmike_arrival_plus, layout_basic
D:2:      layout_rooms, uniq_sigmund
D:3:      gammafunk_wand_slinger, layout_basic, nicolae_uskayaw_en_pointe
D:4:      layout_cave_pools, serial_shops, shop, uniq_grinder
D:5:      layout_rooms, uniq_eustachio
D:6:      minmay_flawed_box, layout_loops_ring, kennysheep_little_box,
          elyvilon_altar_4, lemuel_coloured_pillars_altar,
          minmay_temple_entry_statues_pillars, corexii_checkpoint_a
D:7:      layout_cave_pools, jmf_multi_god_temple, serial_shops,
          nicolae_stop_n_shop_1, grunt_ministairs_8, minmay_misc_feat_rows,
          minmay_shop_grid_forest, uniq_joseph
D:8:      layout_loops_ring, uniq_maggie
D:9:      layout_gridville, uniq_grum
D:10:     layout_stronghold
D:11:     layout_irregular_city, david_lair_shrubbed, zombieorc2_lemuel,
          serial_glass, glass_columns_a, glass_columns_c
D:12:     layout_layer_cave, tgw_xom
D:13:     layout_irregular_city
D:14:     layout_loops_ring, ximxim_vaults_locker_room, okawaru_trees_1,
          minmay_rotating_lava, uniq_jorgrun
D:15:     grunt_enter_depths_hoard, layout_long_grid, gauntlet_entry_generic,
          serial_shops, shop, chequers_hall_statues_wall_a,
          roderic_filled_cross, chequers_serial_rivers_micro_d
Temple:   eino_temple_rhombus
Lair:1:   layout_loops_ring, infiniplex_staircase_pool_2, grunt_megastairs_4,
          uniq_gastronok
Lair:2:   layout_gridlike, minmay_snake_entry_six_corridors, minmay_holes,
          st_stairs_13, patterned_corridor
Lair:3:   layout_loops_ring, grunt_megastairs_5
Lair:4:   layout_roguey, skrybe_swamp_entry_bodies, guppyfry_lair_drakes
Lair:5:   layout_cave_pods, serial_bayou_crossing, grunt_megastairs_3,
          uniq_rupert
Lair:6:   hangedman_lair_in_review, layout_cave_pods, slime_altar_1, uniq_kirke
Swamp:1:  layout_basic_swamp, basic_altar, uniq_donald
Swamp:2:  layout_basic_swamp, gammafunk_ghost_abyssal_escape,
          evilmike_swamp_ruin_house_3
Swamp:3:  layout_falls_marsh, evilmike_swamp_ruin_house_1, uniq_nikola,
          uniq_mara, uniq_mlioglotl
Swamp:4:  grunt_swamp_rune_castle, layout_basic_swamp
Snake:1:  layout_grid_maze, special_room, minmay_shop_star, serial_bayou_shore_b
Snake:2:  minmay_snake_river, layout_rooms, hangedman_snake_pattern,
          nicolae_stop_n_shop_2, lemuel_oklob_altar, uniq_aizul
Snake:3:  layout_gridlike, minmay_shop_grove, grunt_megastairs_2
Snake:4:  grunt_snake_rune_spirals, layout_onion, st_stairs_11
Orc:1:    layout_caves, special_room [special_room_kobold], uniq_josephine
Orc:2:    pf_orc_diabolical, layout_diamond_mine, serial_shops, shop_statue
Elf:1:    minmay_elf_arrival_plus, layout_loops_corners, minmay_elf_necromancy
Elf:2:    elven_hall_of_blades_hangedman_original
          [nicolae_blade_entry_floor_patterns], layout_geoelf_diagonals,
          serial_shops, nicolae_shop_overgrown_old_shop
Elf:3:    elf_hall, layout_gridlike, serial_shops, shop
Vaults:1: ontoclasm_vaults_pinch, vaults_room_hallway, kb_rosetta,
          nicolae_vaults_little_squares_2, vaults_mumra_lcd,
          ontoclasm_vaults_decontamination, vaults_room_corners,
          nicolae_vaults_little_squares_6, layout_vaults_chaotic_city
Vaults:2: nicolae_vaults_three_branches, vaults_mumra_minichess_inversion,
          v_pattern_3, nicolae_vaults_border_crossing, vaults_mumra_bighexcomb,
          vaults_room_ringed_pool, nicolae_vaults_big_angled_halls,
          ontoclasm_vaults_chip, hangedman_vaults_maws,
          minmay_crypt_entry_nasty_monster, hangedman_vaults_impose, v_misc_23,
          nicolae_vaults_little_squares_2, layout_vaults_maze_bifur,
          serial_shops, nicolae_shop_statue_plus
Vaults:3: vaults_room_boxed, v_misc_2, v_alt_pattern_4,
          nicolae_vaults_hallways_thing, nicolae_vaults_lopsided_apartments,
          vaults_mumra_minichess, nicolae_vaults_big_angled_halls, serial_ice_b,
          grunt_vaults_diagonal, vaults_dpeg_encased_lava,
          vaults_room_stairs_pillars, dpeg_vaults_monster_row,
          layout_vaults_omnicross, uniq_margery
Vaults:4: ebering_ghost_disaster_area, v_alt_pattern_2,
          vaults_room_stairs_pillars, vaults_mumra_hexcomb,
          nicolae_vaults_stairing_the_circle, nicolae_vaults_yaktaur_gun_rack,
          st_cross, nicolae_vaults_little_squares_6, nicolae_vaults_what_the_h,
          ontoclasm_vaults_loading_screen, dpeg_vaults_monster_box,
          vaults_dpeg_ring, layout_vaults_omnibox, serial_shops,
          nicolae_lakefront_shop, uniq_sojobo, uniq_saint_roka
Crypt:1:  layout_chaotic_city, grunt_crypt_arrival_guarded_gate, uniq_mennas
Crypt:2:  layout_gridlike, lemuel_elevator
Crypt:3:  quadcrypt_mu, uniq_khufu
Depths:1: layout_cave_shapes, lightli_too_deep, grunt_gozag_breadcrumbs,
          grunt_ministairs_15, serial_sigils_hangedman_etch,
          corexii_hall_statues_x, minmay_hidden_floor

Skill      XL: |  1  2  3  4  5  6  7  8  9 10 11 12 13 14 15 16 17 18 19 20 21 22 |
---------------+-------------------------------------------------------------------+-----
Stealth        | 2 3 4 5 |  5.8
Spellcasting   | 4 5 6 7 8 9 10 11 12 13 14 15 16 17 18 | 18.2
Conjurations   | 2 3 4 5 6 7 8 9 11 12 14 16 17 18 19 | 19.3
Dodging        | 2 3 4 5 6 7 8 9 10 | 10.1
Air Magic      | 1 2 3 4 5 6 7 8 9 10 | 10.0
Poison Magic   | 1 2 3 4 5 6 |  6.4
Fighting       | 1 2 3 4 5 6 7 9 10 11 12 | 12.1
Summonings     | 2 3 5 7 9 10 | 10.5
Shields        | 2 3 4 5 6 7 |  7.8
Necromancy     | 2 3 5 6 8 9 |  9.4
Evocations     | 1 2 3 4 |  4.9
Fire Magic     | 2 4 5 7 8 9 10 | 10.4
Hexes          | 1 3 4 |  4.4
Translocations | 2 3 4 5 6 |  6.0
Ice Magic      | 1 5 6 7 |  7.5
Invocations    | 1 4 6 9 10 11 12 14 | 14.0
Axes           | 4 6 8 10 11 12 | 12.2
Long Blades    | |  0.8
Staves         | |  0.6
Transmutations | |  0.8

Action                   |  1- 3 |  4- 6 |  7- 9 | 10-12 | 13-15 | 16-18 | 19-21 | 22-24 || total
-------------------------+-------+-------+-------+-------+-------+-------+-------+-------++-------
Melee: Dagger            |    31 |       |       |       |       |       |       |       ||    31
       Tailslap          |     5 |    10 |    13 |    34 |    38 |    26 |    40 |    19 ||   185
       Flail             |       |    86 |       |       |       |       |       |       ||    86
       Trident           |       |       |   171 |   175 |       |       |       |       ||   346
       Short sword       |       |       |       |    75 |   127 |       |       |       ||   202
       Staff             |       |       |       |       |    32 |    26 |     2 |     3 ||    63
       Double sword      |       |       |       |       |     9 |       |       |       ||     9
       Broad axe         |       |       |       |       |    43 |   148 |   163 |   121 ||   475
 Cast: Magic Dart        |    96 |    68 |   124 |   192 |    88 |   113 |   119 |     1 ||   801
       Call Imp          |     1 |    11 |     2 |       |     1 |       |       |       ||    15
       Poisonous Vapours |       |       |    20 |    33 |    31 |     7 |       |       ||    91
       Animate Skeleton  |       |       |     2 |       |       |       |       |       ||     2
       Mephitic Cloud    |       |       |     3 |    13 |    12 |     3 |     1 |       ||    32
       Blink             |       |       |     2 |    20 |    30 |    39 |    19 |    12 ||   122
       Slow              |       |       |     1 |     8 |       |       |       |       ||     9
       Sticky Flame      |       |       |       |    64 |   102 |    25 |       |       ||   191
       Fulminant Prism   |       |       |       |    33 |    11 |       |       |       ||    44
       Apportation       |       |       |       |     1 |     2 |     1 |     1 |       ||     5
       Vampiric Draining |       |       |       |     3 |     2 |     6 |     4 |       ||    15
       Fireball          |       |       |       |       |   150 |    51 |    15 |       ||   216
       Freezing Cloud    |       |       |       |       |   179 |   147 |    32 |       ||   358
       Dazzling Flash    |       |       |       |       |    17 |       |       |       ||    17
       Ozocubu's Armour  |       |       |       |       |     1 |       |     1 |       ||     2
       Orb of Destructio |       |       |       |       |       |   228 |   480 |   206 ||   914
       Starburst         |       |       |       |       |       |    59 |    66 |    61 ||   186
       Irradiate         |       |       |       |       |       |     6 |       |       ||     6
       Iskenderun's Batt |       |       |       |       |       |       |    20 |       ||    20
       Spellforged Servi |       |       |       |       |       |       |    28 |     6 ||    34
       Swiftness         |       |       |       |       |       |       |     1 |       ||     1
Invok: Channel Magic     |       |       |       |       |     3 |    16 |    25 |     2 ||    46
       Forget Spell      |       |       |       |       |       |     2 |     1 |       ||     3
 Abil: Breathe Steam     |       |       |    30 |    51 |    61 |    51 |    17 |     3 ||   213
Evoke: Wand              |       |       |     4 |    19 |    25 |    42 |    20 |    10 ||   120
       Phantom mirror    |       |       |       |       |       |     3 |     1 |       ||     4
       Condenser vane    |       |       |       |       |       |       |     6 |     1 ||     7
       Tin of tremorston |       |       |       |       |       |       |       |     1 ||     1
  Use: Scroll            |     2 |     2 |     4 |    13 |    24 |    26 |    11 |     4 ||    86
       Potion            |       |       |     1 |     1 |     5 |    12 |    12 |     2 ||    33
 Stab: Distracted        |     1 |       |     1 |     1 |       |       |       |       ||     3
       Sleeping          |       |     2 |       |     2 |     2 |       |       |       ||     6
       Confused          |       |       |     2 |     3 |       |       |     1 |       ||     6
Armor: Skin              |    17 |    64 |    71 |   154 |   124 |   203 |   188 |    67 ||   888
Dodge: Dodged            |    23 |    88 |   139 |   209 |   227 |   273 |   302 |   108 ||  1369
Block: Buckler           |       |       |    18 |    79 |    85 |   115 |   112 |    55 ||   464

Table legend: (Time is in decaauts)
 A = Elapsed time spent in this place.
 B = Non-inter-level travel time spent in this place.
 C = Inter-level travel time spent in this place.
 D = Time resting spent in this place.
 E = Time spent auto-exploring this place.
 F = Levels seen in this place.
 G = Mean time per level.
                   A        B        C        D        E       F      G
               +--------+--------+--------+--------+--------+-----+--------+
         Total |  81293 |  76508 |   4785 |  12346 |  46157 |  49 | 1659.0 |
       Dungeon |  20869 |  19439 |   1430 |   2074 |  13693 |  15 | 1391.3 |
        Temple |     15 |     15 |      0 |      0 |      0 |   1 |   15.0 |
          Lair |  11088 |  10108 |    980 |   1089 |   7080 |   6 | 1848.0 |
         Swamp |   4808 |   4477 |    331 |    536 |   2776 |   4 | 1202.0 |
     Snake Pit |   9219 |   8868 |    351 |   1226 |   5072 |   4 | 2304.8 |
  Orcish Mines |   3729 |   3434 |    295 |    541 |   1727 |   2 | 1864.5 |
   Elven Halls |   6836 |   6489 |    347 |   1883 |   2795 |   3 | 2278.7 |
        Vaults |  13756 |  12864 |    892 |   1701 |   8440 |   4 | 3439.0 |
         Crypt |   9448 |   9295 |    153 |   3030 |   4262 |   3 | 3149.3 |
        Depths |    324 |    324 |      0 |      6 |    134 |   1 |  324.0 |
         Abyss |    368 |    368 |      0 |     39 |      0 |   5 |   73.6 |
      Gauntlet |    828 |    828 |      0 |    220 |    176 |   1 |  828.0 |
               +--------+--------+--------+--------+--------+-----+--------+

Top non-repeatable levels by time:
 Crypt:3: 5037 daAuts
Vaults:2: 3976 daAuts
Vaults:4: 3635 daAuts
Vaults:3: 3455 daAuts
   Elf:3: 3151 daAuts
 Snake:4: 2996 daAuts
   Orc:2: 2695 daAuts
Vaults:1: 2689 daAuts
  Lair:6: 2677 daAuts
    D:14: 2548 daAuts
    D:11: 2453 daAuts
 Crypt:2: 2271 daAuts
 Snake:1: 2211 daAuts
   Elf:2: 2194 daAuts
 Crypt:1: 2139 daAuts
